 Dungeon Crawl Stone Soup version 0.30-a0-141-g30f27751c5 (webtiles) character file.

Game seed: 1419564886299508889

108515 qw the Severer (level 16, -5/104 HPs)
             Began as a Gargoyle Fighter on Sept 25, 2022.
             Was a High Priest of Okawaru.
             Succumbed to barbed spike wounds
             ... on level 2 of the Orcish Mines.
             The game lasted 00:16:32 (26519 turns).

qw the Severer (Gargoyle Fighter)                  Turns: 26519, Time: 00:16:32

Health: -5/104     AC: 34    Str: 27    XL:     16   Next: 49%
Magic:  20/23      EV: 29    Int: 10    God:    Okawaru [*****.]
Gold:   804        SH: 15    Dex:  9    Spells: 15/15 levels left

rFire   . . .      SeeInvis .    Y - +4 broad axe (venom)
rCold   . . .      Faith    .    v - +2 kite shield
rNeg    + . .      Spirit   .    c - +0 plate armour
rPois   inf        Reflect  .    i - +0 helmet
rElec   +          Harm     .    n - +0 cloak
rCorr   .          Rampage  .    t - +0 pair of gloves
Will    +....                    l - +0 pair of boots
Stlth   ..........               e - amulet of the acrobat
HPRegen 0.27/turn                h - +4 ring of evasion
MPRegen 0.18/turn                q - +4 ring of slaying {mikee}

@: heroic, finesse-ful, spiked, corroded, acrobatic, flying
A: sickness immunity, AC +12, big wings, negative energy resistance 1,
electricity resistance, torment resistance 1, petrification resistance,
iridescent scales 1, MP-powered wands
a: Renounce Religion, Heroism, Finesse, Duel


You were on level 2 of the Orcish Mines.
You worshipped Okawaru.
Okawaru was extremely pleased with you.
You visited 4 branches of the dungeon, and saw 23 of its levels.
You visited the Abyss 1 time.

You collected 1926 gold pieces.
You spent 1122 gold pieces at shops.


Innate Abilities, Weirdness & Mutations

You are immune to sickness and miasma.
Your stone body is resilient. (AC +12)
You are immune to poison.
Your large and strong wings let you fly.
You resist negative energy. (rN+)
You are resistant to electric shocks. (rElec)
You are resistant to unholy torment.
You are immune to petrification.
You are partially covered in iridescent scales. (AC +2)
You expend magic power (3 MP) to strengthen your wands.


   Skills:
 - Level 13.0(18.0) Fighting
 - Level 17.0(22.0) Axes
 - Level 7.0(12.0) Throwing
 + Level 12.2(17.2) Armour
 - Level 3.2(8.2) Dodging
 - Level 13.0(18.0) Shields
 - Level 10.0 Invocations


You had 15 spell levels left.
You didn't know any spells.
Your spell library was empty.

Inventory:

Hand Weapons
 w - a +0 flail
 Y - a +4 broad axe of venom (weapon)
Missiles
 r - 4 javelins (quivered)
 x - a boomerang of dispersal
 y - a boomerang
Armour
 c - a +0 plate armour (worn)
 i - a +0 helmet (worn)
 l - a +0 pair of boots (worn)
 n - a +0 cloak (worn)
 s - +0 fire dragon scales
 t - a +0 pair of gloves (worn)
 v - a +2 kite shield (worn)
 A - a +0 chain mail of cold resistance
Jewellery
 e - an amulet of the acrobat (around neck)
 h - a +4 ring of evasion (left hand)
 o - a ring of resist corrosion
 q - a +4 ring of slaying (right hand) {mikee}
 u - a ring of ice
Scrolls
 k - 8 scrolls of identify
Potions
 a - 7 potions of haste
 b - 10 potions of curing
 d - 4 potions of might
 f - 5 potions of mutation
 g - 7 potions of attraction
 m - 5 potions of resistance
 p - a potion of cancellation
 z - 2 potions of lignification

Dungeon Overview and Level Annotations

Branches:
Dungeon (15/15) Temple (1/1) D:6 Lair (5/5) D:10 Shoals (0/4) Lair:3 Spider (0/4) Lair:2 Slime (0/5) Lair:4 Orc (2/2) D:12 Vaults (0/5) D:13 D:14 Depths (0/4) D:15 Elf: Orc:2

Altars:
Ashenzari
Cheibriados
Dithmenos
Elyvilon
Fedhas
Gozag
Hepliaklqana
Kikubaaqudgha
Makhleb
Nemelex Xobeh
Okawaru
Qazlal
Ru
Sif Muna
Trog
Uskayaw
Vehumet
Wu Jian
Xom
Yredelemnul
Zin
The Shining One
Jiyva

Shops:
D:1 *(?:   D:3 *   D:10 :   D:11 :![!((   D:13 (

Annotations:
Lair:4 1 runed translucent door


Message History

26513 ||| READING scroll of teleportation.
As you read the scroll of teleportation, it crumbles to dust.
You feel strangely unstable. You block the orc high priest's attack.
You block the red devil's attack. The rust devil hits you.
The rust devil corrodes you!
The soul eater hits you but does no damage.
You barely miss the red devil.
The red devil is almost dead.
You slash the rust devil! You slash the orc high priest!
The orc high priest looks as sick as possible!
You hit the soul eater.
The soul eater is poisoned.
You slash the red devil!
You kill the red devil!
The red devil disappears in a puff of smoke!
You slash the orc high priest!
The orc high priest looks as sick as possible!
You closely miss the soul eater. You slash the rust devil!
The orc high priest mumbles some strange prayers to Beogh against you.
You are unaffected.
The orc priest mumbles some strange prayers to Beogh against you.
Beogh smites you!
You closely miss the orc high priest.
The orc high priest is almost dead.
You slash the rust devil!
You kill the rust devil!
The rust devil disappears in a puff of smoke!
You hit the soul eater.
The soul eater hits you but does no damage.
You slice the orc high priest!!
You kill the orc high priest!
Okawaru accepts your kill.
The soul eater disappears in a puff of smoke!
The barbs in your skin will harm you if you move.
Continue?
The barbed spikes dig painfully into your body as you move.
Your surroundings suddenly seem different.
An orc comes into view. It is wielding a +0 short sword.
The orc shouts!
The orc throws a boomerang.
The boomerang completely misses you.
The barbed spikes dig painfully into your body as you move.
You die...

###.............#
##............# #
#....o.....### .
###........## .
####.........## ¤########
##.............#
.¤)8..#.###.............##
.)¤))....#........##.....####
¤¤)))...(.......@.#......##.#
.o¤)))...........###........#
...8...#........###.........#
.#########).).....##.......##
. ###)............### .
##))..........# #
#...........## ##.........##
##.......####


You could see an orc.

Vanquished Creatures
  An orc warlord (Orc:2)
  Nessos (D:15)
  Snorg (D:14)
  A fire dragon (D:14)
  7 hydras
  3 catoblepae (Lair:5)
  2 ogre magi (D:15)
  4 boulder beetles
  3 centaur warriors (D:14)
  15 two-headed ogres
  A tengu warrior (D:14)
  17 death yaks
  A thrashing horror (Abyss:2)
  An orc high priest (Orc:2)
  Urug (D:13)
  Sonja (Lair:4)
  A shock serpent (shapeshifter) (D:15)
  8 skeletal warriors
  A wretched star (Abyss:2)
  2 glowing orange brains
  A wizard (D:15)
  Pikel (D:5)
  4 orc knights
  A deep elf zephyrmancer (D:14)
  2 orc sorcerers (Orc:2)
  3 deep elf pyromancers
  A necromancer (Lair:3)
  3 manticores
  An oklob plant (Lair:3)
  2 cyclopes (D:13)
  28 ugly things
  2 black mambas (Lair:2)
  11 elephants
  14 cane toads
  3 efreet
  A kobold demonologist (D:11)
  2 rime drakes
  8 komodo dragons
  A tengu conjurer (D:14)
  A yaktaur (shapeshifter) (D:14)
  A rime drake (shapeshifter) (D:15)
  An ancient zyme (Abyss:2)
  3 meliai (D:15)
  3 polar bears (D:9)
  4 trolls
  Grinder (D:4)
  16 slime creatures
  A hornet (D:10)
  Prince Ribbit (D:5)
  9 blink frogs
  Sigmund (D:2)
  A shadow (D:12)
  53 yaks
  A small abomination (Abyss:2)
  Eustachio (D:4)
  2 water elementals (D:12)
  5 wyverns
  A vampire (D:12)
  5 basilisks
  16 humans (D:13)
  An unseen horror simulacrum (D:9)
  A steam dragon (D:10)
  12 vampire mosquitoes
  2 wargs (Orc:2)
  Edmund (D:4)
  An acid dragon (D:8)
  9 water moccasins
  Duvessa (D:4)
  26 orc warriors
  An elephant zombie (Lair:3)
  4 ice beasts
  2 black bears (D:6)
  5 sky beasts
  14 wolves
  13 ogres
  12 centaurs
  3 phantoms
  A lemure (D:5)
  Blork the orc (D:4)
  7 kobold brigands
  2 komodo dragon zombies (Lair:3)
  A necrophage (D:6)
  11 bullfrogs
  4 wights
  3 scorpions
  3 gnoll sergeants
  Dowan (D:4)
  4 killer bees (D:8)
  6 electric eels
  2 howler monkeys
  7 hounds
  2 jellies
  10 orc priests
  3 gnoll boudas
  3 iguanas
  24 orc wizards
  17 hell rats
  Robin (D:2)
  27 gnolls
  9 adders
  2 shadow imps
  5 white imps
  A howler monkey simulacrum (D:9)
  3 dart slugs
  80 orcs
  2 bat zombies (D:8)
  6 endoplasms
  2 giant cockroaches
  20 goblins
  6 hobgoblins
  24 kobolds
  3 quokkas
  4 ball pythons
  4 bats
  2 rats (D:1)
  2 rat zombies (D:8)
711 creatures vanquished.

Vanquished Creatures (others)
  A deep elf pyromancer (D:12)
  An orc (D:4)
  A goblin (D:4)
  A bush (Lair:3)
  10 fungi
  19 plants
33 creatures vanquished.

Grand Total: 744 creatures vanquished

Notes
Turn   | Place    | Note
-------+----------+-------------------------------------------
     0 | D:1      | qw the Gargoyle Fighter began the quest for the Orb.
     0 | D:1      | Reached XP level 1. HP: 14/14 MP: 1/1
     0 | D:1      | 0 ||| qw: Version: 0.2-a-10-g399e6c4
     0 | D:1      | 0 ||| qw: Game counter: 279
     0 | D:1      | 0 ||| qw: Always use a shield: true
     0 | D:1      | 0 ||| qw: God list: Okawaru
     0 | D:1      | 0 ||| qw: Allow faded altars: false
     0 | D:1      | 0 ||| qw: Do Orc after D:15 true
     0 | D:1      | 0 ||| qw: Do second Lair branch before Depths: true
     0 | D:1      | 0 ||| qw: Lair rune preference: random
     0 | D:1      | 0 ||| qw: Plans: Normal, Zot:1-4, God:TSO, Crypt, Tomb,
                  | Pan, Slime:5, Hells, Abyss, Orb
     0 | D:1      | 0 ||| PLANNING D:1-11
    28 | D:1      | Found Ruppisuck's Weapon Boutique.
    46 | D:1      | Reached skill level 2 in Axes
    49 | D:1      | 49 ||| SHOPLISTING +0 broad axe (56 gold, have 0).
   119 | D:1      | 119 ||| DROPPING +0 club.
   150 | D:1      | Found Hauqaful's General Store.
   164 | D:1      | 164 ||| SHOPLISTING potion of curing (36 gold, have 13).
   164 | D:1      | 164 ||| SHOPLISTING potion of heal wounds (60 gold, have
                  | 13).
   164 | D:1      | 164 ||| SHOPLISTING ring of willpower (300 gold, have 13).
   164 | D:1      | 164 ||| SHOPLISTING scroll of enchant armour (90 gold, have
                  | 13).
   260 | D:1      | Reached XP level 2. HP: 19/19 MP: 2/2
   390 | D:1      | Found Obuin's Book Shoppe.
   437 | D:1      | 437 ||| UPGRADING to +4 ring of evasion.
   469 | D:1      | Found Ricatent's Magic Scroll Boutique.
   472 | D:1      | 472 ||| SHOPLISTING scroll of enchant weapon (82 gold, have
                  | 46).
   472 | D:1      | 472 ||| BUYING scroll of identify (22 gold).
   472 | D:1      | Bought a scroll of identify for 22 gold pieces
   472 | D:1      | 472 ||| BUYING scroll of identify (22 gold).
   472 | D:1      | Bought a scroll of identify for 22 gold pieces
   472 | D:1      | 472 ||| SHOPLISTING scroll of identify (22 gold, have 2).
   736 | D:1      | 736 ||| READING 2 scrolls labelled LIZXUL YTAN.
   737 | D:1      | 737 ||| DRINKING 2 amethyst potions.
   737 | D:1      | Gained mutation: You are partially covered in iridescent
                  | scales. (AC +2) [potion of mutation]
   737 | D:1      | Gained mutation: You expend magic power (3 MP) to
                  | strengthen your wands. [potion of mutation]
   738 | D:1      | 738 ||| READING 2 scrolls of identify.
   738 | D:1      | 738 ||| IDENTIFYING silvery potion
   739 | D:1      | 739 ||| DROPPING scroll of blinking.
   828 | D:2      | Reached skill level 3 in Axes
   828 | D:2      | Reached XP level 3. HP: 23/23 MP: 3/3
   930 | D:2      | Noticed Sigmund
   931 | D:2      | 931 ||| Stepping ~*~*~tactically~*~*~ (hiding).
   945 | D:2      | HP: 4/23 [something (4)]
   946 | D:2      | Killed Sigmund
   947 | D:2      | Reached skill level 5 in Axes
   947 | D:2      | Reached XP level 4. HP: 5/28 MP: 4/4
   947 | D:2      | Reached XP level 5. HP: 6/32 MP: 5/5
   968 | D:2      | 968 ||| Stepping ~*~*~tactically~*~*~ (stealth).
   970 | D:2      | 970 ||| Stepping ~*~*~tactically~*~*~ (stealth).
  1244 | D:2      | 1244 ||| Stepping ~*~*~tactically~*~*~ (hiding).
  1664 | D:2      | Noticed Robin
  1674 | D:2      | HP: 6/32 [goblin/+0 club[Robin] (5)]
  1675 | D:2      | HP: 1/32 [goblin/+0 club[Robin] (5)]
  1683 | D:2      | Reached XP level 6. HP: 2/38 MP: 6/6
  1684 | D:2      | Killed Robin
  1980 | D:2      | 1980 ||| DROPPING +0 flail.
  2126 | D:2      | 2126 ||| UPGRADING to +0 helmet.
  2131 | D:2      | 2131 ||| UPGRADING to +0 cloak.
  2136 | D:2      | 2136 ||| UPGRADING to +0 chain mail.
  2146 | D:2      | 2146 ||| DROPPING +0 scale mail.
  2147 | D:2      | 2147 ||| UPGRADING to +4 ring of slaying {mikee}.
  2148 | D:2      | 2148 ||| READING scroll labelled NEOF EJEORI.
  2149 | D:2      | 2149 ||| READING scroll labelled BEOJ FAVEUGRE.
  2150 | D:2      | 2150 ||| DRINKING 2 fuming green potions.
  2151 | D:2      | 2151 ||| READING 2 scrolls of identify.
  2151 | D:2      | 2151 ||| IDENTIFYING fizzy puce potion
  2152 | D:2      | 2152 ||| DROPPING potion of flight.
  2188 | D:3      | Found Zin's Purification Station.
  2192 | D:3      | Found a glowing silver altar of Zin.
  2198 | D:3      | 2198 ||| SHOPLISTING potion of curing (90 gold, have 69).
  2231 | D:3      | 2231 ||| Stepping ~*~*~tactically~*~*~ (hiding).
  2583 | D:3      | Found a faded altar of an unknown god.
  2927 | D:3      | 2927 ||| UPGRADING to +0 pair of gloves.
  2932 | D:3      | 2932 ||| DROPPING +6 ring of strength.
  2933 | D:3      | 2933 ||| READING scroll labelled GOEGGOWKIDGH.
  2934 | D:3      | 2934 ||| READING scroll labelled VUOTZOV UMYD.
  2935 | D:3      | 2935 ||| READING scroll labelled TESCHO XODOWK.
  2939 | D:3      | 2939 ||| DRINKING 2 sedimented grey potions.
  2940 | D:3      | 2940 ||| DRINKING 3 blue potions.
  2941 | D:3      | 2941 ||| READING 2 scrolls of identify.
  2941 | D:3      | 2941 ||| IDENTIFYING smoky brown potion
  2942 | D:3      | 2942 ||| DROPPING potion of magic.
  2943 | D:3      | 2943 ||| DROPPING 2 potions of degeneration.
  3035 | D:4      | Noticed Grinder
  3055 | D:4      | Paralysed by Grinder for 3 turns
  3059 | D:4      | Killed Grinder
  3060 | D:4      | Reached skill level 6 in Axes
  3060 | D:4      | Reached XP level 7. HP: 30/43 MP: 7/7
  3177 | D:4      | Noticed Edmund
  3189 | D:4      | Killed Edmund
  3190 | D:4      | Reached skill level 1 in Dodging
  3342 | D:4      | Found a shadowy altar of Dithmenos.
  3466 | D:4      | 3466 ||| Stepping ~*~*~tactically~*~*~ (stealth).
  3467 | D:4      | 3467 ||| Stepping ~*~*~tactically~*~*~ (stealth).
  3479 | D:4      | Reached skill level 7 in Axes
  3505 | D:4      | 3505 ||| Stepping ~*~*~tactically~*~*~ (stealth).
  3507 | D:4      | 3507 ||| Stepping ~*~*~tactically~*~*~ (hiding).
  3561 | D:4      | Noticed Duvessa
  3562 | D:4      | 3562 ||| Stepping ~*~*~tactically~*~*~ (hiding).
  3563 | D:4      | 3563 ||| Stepping ~*~*~tactically~*~*~ (hiding).
  3568 | D:4      | 3568 ||| DRINKING 2 potions of cancellation.
  3569 | D:4      | 3569 ||| DRINKING potion of cancellation.
  3574 | D:4      | Killed Duvessa
  3574 | D:4      | Noticed Dowan
  3575 | D:4      | 3575 ||| Stepping ~*~*~tactically~*~*~ (stealth).
  3586 | D:4      | Killed Dowan
  3587 | D:4      | Reached XP level 8. HP: 16/49 MP: 8/8
  3917 | D:4      | Noticed Eustachio
  3918 | D:4      | Noticed Blork the orc
  3931 | D:4      | Killed Blork the orc
  3941 | D:4      | 3941 ||| FLEEEEING.
  3942 | D:4      | 3942 ||| FLEEEEING.
  3954 | D:4      | 3954 ||| FLEEEEING.
  3955 | D:4      | 3955 ||| FLEEEEING.
  3956 | D:4      | 3956 ||| FLEEEEING.
  3957 | D:4      | 3957 ||| FLEEEEING.
  3958 | D:4      | 3958 ||| FLEEEEING.
  3959 | D:4      | 3959 ||| FLEEEEING.
  3960 | D:4      | 3960 ||| FLEEEEING.
  3962 | D:4      | 3962 ||| FLEEEEING.
  3977 | D:4      | Killed Eustachio
  4159 | D:4      | Found a sacrificial altar of Ru.
  4356 | D:4      | 4356 ||| UPGRADING to +2 scale mail of cold resistance.
  4366 | D:4      | 4366 ||| READING scroll labelled ICLA DA VUWITY.
  4367 | D:4      | 4367 ||| READING scroll labelled TOFAWN NEXOVICH.
  4368 | D:4      | 4368 ||| READING scroll labelled POCYESAAR.
  4469 | D:4      | 4469 ||| READING scroll labelled JICHUR UBIXI.
  4527 | D:4      | 4527 ||| READING 2 scrolls of identify.
  4527 | D:4      | 4527 ||| IDENTIFYING fizzy inky potion
  4528 | D:4      | 4528 ||| DROPPING potion of brilliance.
  4557 | D:5      | Entered Level 5 of the Dungeon
  4580 | D:5      | Reached skill level 8 in Axes
  4680 | D:5      | 4680 ||| Stepping ~*~*~tactically~*~*~ (stealth).
  4685 | D:5      | 4685 ||| Stepping ~*~*~tactically~*~*~ (stealth).
  4727 | D:5      | 4727 ||| Stepping ~*~*~tactically~*~*~ (stealth).
  4728 | D:5      | 4728 ||| Stepping ~*~*~tactically~*~*~ (stealth).
  4769 | D:5      | Reached skill level 6 in Fighting
  4862 | D:5      | 4862 ||| Stepping ~*~*~tactically~*~*~ (hiding).
  5012 | D:5      | Noticed Pikel
  5027 | D:5      | Killed Pikel
  5028 | D:5      | Reached skill level 9 in Axes
  5028 | D:5      | Reached XP level 9. HP: 31/55 MP: 9/9
  5493 | D:5      | Reached skill level 1 in Throwing
  5607 | D:5      | 5607 ||| DRINKING 2 potions of curing.
  5607 | D:5      | 5607 ||| (to cure confusion)
  5681 | D:5      | Noticed Prince Ribbit
  5695 | D:5      | Killed Prince Ribbit
  5997 | D:5      | 5997 ||| UPGRADING to +0 pair of boots.
  6002 | D:5      | 6002 ||| UPGRADING to amulet of the acrobat.
  6007 | D:5      | 6007 ||| READING 4 scrolls of identify.
  6007 | D:5      | 6007 ||| IDENTIFYING black potion
  6008 | D:5      | 6008 ||| READING 3 scrolls of identify.
  6008 | D:5      | 6008 ||| IDENTIFYING metallic emerald potion
  6109 | D:6      | Found a staircase to the Ecumenical Temple.
  6110 | D:6      | 6110 ||| PLANNING TEMPLE
  6140 | Temple   | Entered the Ecumenical Temple
  6314 | Temple   | 6314 ||| PLANNING D:1-11
  6464 | D:6      | 6464 ||| Stepping ~*~*~tactically~*~*~ (hiding).
  6567 | D:6      | Reached skill level 10 in Axes
  6580 | D:6      | 6580 ||| FLEEEEING.
  6581 | D:6      | 6581 ||| FLEEEEING.
  6700 | D:6      | Reached XP level 10. HP: 59/63 MP: 10/10
  6731 | D:6      | 6731 ||| Stepping ~*~*~tactically~*~*~ (stealth).
  6743 | D:6      | 6743 ||| Stepping ~*~*~tactically~*~*~ (hiding).
  6744 | D:6      | 6744 ||| Stepping ~*~*~tactically~*~*~ (hiding).
  6999 | D:6      | Found a broken altar of Ashenzari.
  7204 | D:6      | Reached skill level 3 in Throwing
  7613 | D:6      | 7613 ||| DROPPING ring of magical power.
  7614 | D:6      | 7614 ||| READING scroll labelled PAPOTA RADGH.
  7615 | D:6      | 7615 ||| READING 4 scrolls of identify.
  7615 | D:6      | 7615 ||| IDENTIFYING fuming black potion
  7616 | D:6      | 7616 ||| READING 3 scrolls of identify.
  7616 | D:6      | 7616 ||| IDENTIFYING puce potion
  7617 | D:6      | 7617 ||| DROPPING potion of berserk rage.
  7618 | D:6      | 7618 ||| DROPPING potion of invisibility.
  7678 | D:7      | 7678 ||| Stepping ~*~*~tactically~*~*~ (stealth).
  7831 | D:7      | Found a glowing golden altar of the Shining One.
  8067 | D:7      | Found a shimmering altar of Xom.
  8069 | D:7      | Found a shimmering altar of Xom.
  8069 | D:7      | Found a shimmering altar of Xom.
  8071 | D:7      | Found a shimmering altar of Xom.
  8071 | D:7      | Found a shimmering altar of Xom.
  8072 | D:7      | Found a shimmering altar of Xom.
  8296 | D:7      | 8296 ||| Stepping ~*~*~tactically~*~*~ (hiding).
  8443 | D:7      | Found an ornate altar of the Wu Jian Council.
  8531 | D:7      | 8531 ||| READING scroll labelled HOGOEN CEPIXT.
  8532 | D:7      | 8532 ||| READING scroll labelled XYSMU VEIRO.
  8532 | D:7      | Identified a scroll of acquirement
  8532 | D:7      | 8532 ||| ACQUIRING +2 broad axe of flaming
  8532 | D:7      | Acquired a +2 broad axe of flaming
  8534 | D:7      | 8534 ||| SWAPPING to +2 broad axe of flaming.
  8535 | D:7      | 8535 ||| DROPPING +0 vampiric whip.
  8536 | D:7      | 8536 ||| DROPPING +1 war axe.
  8537 | D:7      | 8537 ||| READING scroll labelled BYAGATULOIJ.
  8630 | D:8      | 8630 ||| Stepping ~*~*~tactically~*~*~ (stealth).
  8631 | D:8      | 8631 ||| Stepping ~*~*~tactically~*~*~ (stealth).
  8634 | D:8      | 8634 ||| Stepping ~*~*~tactically~*~*~ (stealth).
  8698 | D:8      | Found a bloodstained altar of Trog.
  8758 | D:8      | 8758 ||| Stepping ~*~*~tactically~*~*~ (stealth).
  8759 | D:8      | 8759 ||| Stepping ~*~*~tactically~*~*~ (stealth).
  8760 | D:8      | 8760 ||| Stepping ~*~*~tactically~*~*~ (stealth).
  8761 | D:8      | 8761 ||| Stepping ~*~*~tactically~*~*~ (stealth).
  8762 | D:8      | 8762 ||| Stepping ~*~*~tactically~*~*~ (stealth).
  8798 | D:8      | 8798 ||| Stepping ~*~*~tactically~*~*~ (stealth).
  8820 | D:8      | 8820 ||| Stepping ~*~*~tactically~*~*~ (water).
  8867 | D:8      | Found a flagged portal.
  8870 | D:8      | 8870 ||| Stepping ~*~*~tactically~*~*~ (water).
  8932 | D:8      | 8932 ||| Stepping ~*~*~tactically~*~*~ (hiding).
  8986 | D:8      | Reached skill level 11 in Axes
  9026 | D:8      | Found a stormy altar of Qazlal.
  9118 | D:8      | Reached skill level 9 in Fighting
  9333 | D:8      | Noticed a two-headed ogre
  9371 | D:8      | Found an ancient bone altar of Kikubaaqudgha.
  9393 | D:8      | 9393 ||| DROPPING +2 hat.
  9394 | D:8      | 9394 ||| READING 2 scrolls of teleportation.
  9426 | D:8      | 9426 ||| READING scroll of teleportation.
  9476 | D:8      | Reached skill level 6 in Armour
  9555 | D:8      | 9555 ||| Stepping randomly (stuck).
  9560 | D:8      | 9560 ||| Stepping randomly (stuck).
  9562 | D:8      | 9562 ||| Stepping randomly (stuck).
  9564 | D:8      | 9564 ||| Stepping randomly (stuck).
  9565 | D:8      | 9565 ||| Stepping randomly (stuck).
  9566 | D:8      | 9566 ||| Stepping randomly (stuck).
  9567 | D:8      | 9567 ||| Stepping randomly (stuck).
  9568 | D:8      | 9568 ||| Stepping randomly (stuck).
  9569 | D:8      | 9569 ||| Stepping randomly (stuck).
  9570 | D:8      | 9570 ||| Stepping randomly (stuck).
  9571 | D:8      | 9571 ||| Stepping randomly (stuck).
  9572 | D:8      | 9572 ||| Stepping randomly (stuck).
  9573 | D:8      | 9573 ||| Stepping randomly (stuck).
  9574 | D:8      | 9574 ||| Stepping randomly (stuck).
  9576 | D:8      | 9576 ||| Stepping randomly (stuck).
  9577 | D:8      | 9577 ||| Stepping randomly (stuck).
  9578 | D:8      | 9578 ||| Stepping randomly (stuck).
  9579 | D:8      | 9579 ||| Stepping randomly (stuck).
  9580 | D:8      | 9580 ||| Stepping randomly (stuck).
  9581 | D:8      | 9581 ||| Stepping randomly (stuck).
  9582 | D:8      | 9582 ||| Stepping randomly (stuck).
  9583 | D:8      | 9583 ||| Stepping randomly (stuck).
  9584 | D:8      | 9584 ||| Stepping randomly (stuck).
  9586 | D:8      | 9586 ||| Stepping randomly (stuck).
  9587 | D:8      | 9587 ||| Stepping randomly (stuck).
  9588 | D:8      | 9588 ||| Stepping randomly (stuck).
  9589 | D:8      | 9589 ||| Stepping randomly (stuck).
  9590 | D:8      | 9590 ||| Stepping randomly (stuck).
  9591 | D:8      | 9591 ||| Stepping randomly (stuck).
  9593 | D:8      | 9593 ||| Stepping randomly (stuck).
  9594 | D:8      | 9594 ||| Stepping ~*~*~tactically~*~*~ (stealth).
  9605 | D:8      | 9605 ||| Stepping randomly (stuck).
  9606 | D:8      | 9606 ||| Stepping randomly (stuck).
  9607 | D:8      | 9607 ||| Stepping randomly (stuck).
  9608 | D:8      | 9608 ||| Stepping randomly (stuck).
  9609 | D:8      | 9609 ||| Stepping randomly (stuck).
  9610 | D:8      | 9610 ||| Stepping randomly (stuck).
  9611 | D:8      | 9611 ||| Stepping randomly (stuck).
  9612 | D:8      | 9612 ||| Stepping randomly (stuck).
  9613 | D:8      | 9613 ||| Stepping randomly (stuck).
  9614 | D:8      | 9614 ||| Stepping randomly (stuck).
  9615 | D:8      | 9615 ||| Stepping randomly (stuck).
  9616 | D:8      | 9616 ||| Stepping randomly (stuck).
  9617 | D:8      | 9617 ||| Stepping randomly (stuck).
  9618 | D:8      | 9618 ||| Stepping randomly (stuck).
  9619 | D:8      | 9619 ||| Stepping randomly (stuck).
  9620 | D:8      | 9620 ||| Stepping randomly (stuck).
  9621 | D:8      | 9621 ||| Stepping randomly (stuck).
  9622 | D:8      | 9622 ||| Stepping randomly (stuck).
  9623 | D:8      | 9623 ||| Stepping randomly (stuck).
  9624 | D:8      | 9624 ||| Stepping randomly (stuck).
  9625 | D:8      | 9625 ||| Stepping randomly (stuck).
  9626 | D:8      | 9626 ||| Stepping randomly (stuck).
  9627 | D:8      | 9627 ||| Stepping randomly (stuck).
  9628 | D:8      | 9628 ||| Stepping randomly (stuck).
  9629 | D:8      | 9629 ||| Stepping randomly (stuck).
  9630 | D:8      | 9630 ||| Stepping randomly (stuck).
  9631 | D:8      | 9631 ||| Stepping randomly (stuck).
  9632 | D:8      | 9632 ||| Stepping randomly (stuck).
  9633 | D:8      | 9633 ||| Stepping randomly (stuck).
  9634 | D:8      | 9634 ||| Stepping randomly (stuck).
  9635 | D:8      | 9635 ||| Stepping randomly (stuck).
  9636 | D:8      | 9636 ||| Stepping randomly (stuck).
  9637 | D:8      | 9637 ||| Stepping randomly (stuck).
  9638 | D:8      | 9638 ||| Stepping randomly (stuck).
  9639 | D:8      | 9639 ||| Stepping randomly (stuck).
  9640 | D:8      | 9640 ||| Stepping randomly (stuck).
  9641 | D:8      | 9641 ||| Stepping randomly (stuck).
  9642 | D:8      | 9642 ||| Stepping randomly (stuck).
  9643 | D:8      | 9643 ||| Stepping randomly (stuck).
  9644 | D:8      | 9644 ||| Stepping randomly (stuck).
  9645 | D:8      | 9645 ||| Stepping randomly (stuck).
  9646 | D:8      | 9646 ||| Stepping randomly (stuck).
  9647 | D:8      | 9647 ||| Stepping randomly (stuck).
  9648 | D:8      | 9648 ||| Stepping randomly (stuck).
  9649 | D:8      | 9649 ||| Stepping randomly (stuck).
  9650 | D:8      | 9650 ||| Stepping randomly (stuck).
  9651 | D:8      | 9651 ||| Stepping randomly (stuck).
  9652 | D:8      | 9652 ||| Stepping randomly (stuck).
  9653 | D:8      | 9653 ||| Stepping randomly (stuck).
  9654 | D:8      | 9654 ||| Stepping randomly (stuck).
  9655 | D:8      | 9655 ||| Stepping randomly (stuck).
  9656 | D:8      | 9656 ||| Stepping randomly (stuck).
  9657 | D:8      | 9657 ||| Stepping randomly (stuck).
  9658 | D:8      | 9658 ||| Stepping randomly (stuck).
  9659 | D:8      | 9659 ||| Stepping randomly (stuck).
  9661 | D:8      | 9661 ||| Stepping randomly (stuck).
  9662 | D:8      | 9662 ||| Stepping randomly (stuck).
  9663 | D:8      | 9663 ||| Stepping randomly (stuck).
  9664 | D:8      | 9664 ||| Stepping randomly (stuck).
  9666 | D:8      | 9666 ||| Stepping randomly (stuck).
  9668 | D:8      | 9668 ||| Stepping randomly (stuck).
  9669 | D:8      | 9669 ||| Stepping randomly (stuck).
  9670 | D:8      | 9670 ||| Stepping randomly (stuck).
  9671 | D:8      | 9671 ||| Stepping randomly (stuck).
  9672 | D:8      | 9672 ||| Stepping randomly (stuck).
  9674 | D:8      | 9674 ||| Stepping randomly (stuck).
  9675 | D:8      | 9675 ||| Stepping randomly (stuck).
  9676 | D:8      | 9676 ||| Stepping randomly (stuck).
  9677 | D:8      | 9677 ||| Stepping randomly (stuck).
  9678 | D:8      | 9678 ||| Stepping randomly (stuck).
  9679 | D:8      | 9679 ||| Stepping randomly (stuck).
  9680 | D:8      | 9680 ||| Stepping randomly (stuck).
  9681 | D:8      | 9681 ||| Stepping randomly (stuck).
  9682 | D:8      | 9682 ||| Stepping randomly (stuck).
  9683 | D:8      | 9683 ||| Stepping randomly (stuck).
  9684 | D:8      | 9684 ||| Stepping randomly (stuck).
  9685 | D:8      | 9685 ||| Stepping randomly (stuck).
  9686 | D:8      | 9686 ||| Stepping randomly (stuck).
  9687 | D:8      | 9687 ||| Stepping randomly (stuck).
  9688 | D:8      | 9688 ||| Stepping randomly (stuck).
  9689 | D:8      | 9689 ||| Stepping randomly (stuck).
  9690 | D:8      | 9690 ||| Stepping randomly (stuck).
  9691 | D:8      | 9691 ||| Stepping randomly (stuck).
  9693 | D:8      | 9693 ||| Stepping randomly (stuck).
  9695 | D:8      | 9695 ||| Stepping randomly (stuck).
  9697 | D:8      | 9697 ||| Stepping randomly (stuck).
  9698 | D:8      | 9698 ||| Stepping randomly (stuck).
  9699 | D:8      | 9699 ||| Stepping randomly (stuck).
  9700 | D:8      | 9700 ||| Stepping randomly (stuck).
  9702 | D:8      | 9702 ||| Stepping randomly (stuck).
  9704 | D:8      | 9704 ||| Stepping randomly (stuck).
  9705 | D:8      | 9705 ||| Stepping randomly (stuck).
  9706 | D:8      | 9706 ||| Stepping randomly (stuck).
  9707 | D:8      | 9707 ||| Stepping randomly (stuck).
  9708 | D:8      | 9708 ||| Stepping randomly (stuck).
  9709 | D:8      | 9709 ||| Stepping randomly (stuck).
  9710 | D:8      | 9710 ||| Stepping randomly (stuck).
  9711 | D:8      | 9711 ||| Stepping randomly (stuck).
  9712 | D:8      | 9712 ||| Stepping randomly (stuck).
  9713 | D:8      | 9713 ||| Stepping randomly (stuck).
  9714 | D:8      | 9714 ||| Stepping randomly (stuck).
  9715 | D:8      | 9715 ||| Stepping randomly (stuck).
  9716 | D:8      | 9716 ||| Stepping randomly (stuck).
  9717 | D:8      | 9717 ||| Stepping randomly (stuck).
  9718 | D:8      | 9718 ||| Stepping randomly (stuck).
  9720 | D:8      | 9720 ||| Stepping randomly (stuck).
  9721 | D:8      | 9721 ||| Stepping randomly (stuck).
  9722 | D:8      | 9722 ||| Stepping randomly (stuck).
  9723 | D:8      | 9723 ||| Stepping randomly (stuck).
  9724 | D:8      | 9724 ||| Stepping randomly (stuck).
  9725 | D:8      | 9725 ||| Stepping randomly (stuck).
  9726 | D:8      | 9726 ||| Stepping randomly (stuck).
  9727 | D:8      | 9727 ||| Stepping randomly (stuck).
  9728 | D:8      | 9728 ||| Stepping randomly (stuck).
  9729 | D:8      | 9729 ||| Stepping randomly (stuck).
  9730 | D:8      | 9730 ||| Stepping randomly (stuck).
  9732 | D:8      | 9732 ||| Stepping randomly (stuck).
  9733 | D:8      | 9733 ||| Stepping randomly (stuck).
  9735 | D:8      | 9735 ||| Stepping randomly (stuck).
  9737 | D:8      | 9737 ||| Stepping randomly (stuck).
  9739 | D:8      | 9739 ||| Stepping randomly (stuck).
  9741 | D:8      | 9741 ||| Stepping randomly (stuck).
  9743 | D:8      | 9743 ||| Stepping randomly (stuck).
  9744 | D:8      | 9744 ||| Stepping randomly (stuck).
  9745 | D:8      | 9745 ||| Stepping randomly (stuck).
  9746 | D:8      | 9746 ||| Stepping randomly (stuck).
  9747 | D:8      | 9747 ||| Stepping randomly (stuck).
  9748 | D:8      | 9748 ||| Stepping randomly (stuck).
  9749 | D:8      | 9749 ||| Stepping randomly (stuck).
  9750 | D:8      | 9750 ||| Stepping randomly (stuck).
  9751 | D:8      | 9751 ||| Stepping randomly (stuck).
  9752 | D:8      | 9752 ||| Stepping randomly (stuck).
  9753 | D:8      | 9753 ||| Stepping randomly (stuck).
  9754 | D:8      | 9754 ||| Stepping randomly (stuck).
  9755 | D:8      | 9755 ||| Stepping randomly (stuck).
  9756 | D:8      | 9756 ||| Stepping randomly (stuck).
  9757 | D:8      | 9757 ||| Stepping randomly (stuck).
  9758 | D:8      | 9758 ||| Stepping randomly (stuck).
  9759 | D:8      | 9759 ||| Stepping randomly (stuck).
  9760 | D:8      | 9760 ||| Stepping randomly (stuck).
  9761 | D:8      | 9761 ||| Stepping randomly (stuck).
  9762 | D:8      | 9762 ||| Stepping randomly (stuck).
  9763 | D:8      | 9763 ||| Stepping randomly (stuck).
  9764 | D:8      | 9764 ||| Stepping randomly (stuck).
  9765 | D:8      | 9765 ||| Stepping randomly (stuck).
  9766 | D:8      | 9766 ||| Stepping randomly (stuck).
  9767 | D:8      | 9767 ||| Stepping randomly (stuck).
  9768 | D:8      | 9768 ||| Stepping randomly (stuck).
  9769 | D:8      | 9769 ||| Stepping randomly (stuck).
  9770 | D:8      | 9770 ||| Stepping randomly (stuck).
  9771 | D:8      | 9771 ||| Stepping randomly (stuck).
  9772 | D:8      | 9772 ||| Stepping randomly (stuck).
  9773 | D:8      | 9773 ||| Stepping randomly (stuck).
  9774 | D:8      | 9774 ||| Stepping randomly (stuck).
  9775 | D:8      | 9775 ||| Stepping randomly (stuck).
  9776 | D:8      | 9776 ||| Stepping randomly (stuck).
  9777 | D:8      | 9777 ||| Stepping randomly (stuck).
  9778 | D:8      | 9778 ||| Stepping randomly (stuck).
  9783 | D:8      | 9783 ||| Stepping randomly (stuck).
  9784 | D:8      | 9784 ||| Stepping randomly (stuck).
  9785 | D:8      | 9785 ||| Stepping randomly (stuck).
  9786 | D:8      | 9786 ||| Stepping randomly (stuck).
  9787 | D:8      | 9787 ||| Stepping randomly (stuck).
  9788 | D:8      | 9788 ||| Stepping randomly (stuck).
  9789 | D:8      | 9789 ||| Stepping randomly (stuck).
  9790 | D:8      | 9790 ||| Stepping randomly (stuck).
  9791 | D:8      | 9791 ||| Stepping randomly (stuck).
  9793 | D:8      | 9793 ||| Stepping randomly (stuck).
  9794 | D:8      | 9794 ||| Stepping randomly (stuck).
  9795 | D:8      | 9795 ||| Stepping randomly (stuck).
  9797 | D:8      | 9797 ||| Stepping randomly (stuck).
  9799 | D:8      | 9799 ||| Stepping randomly (stuck).
  9801 | D:8      | 9801 ||| Stepping randomly (stuck).
  9803 | D:8      | 9803 ||| Stepping randomly (stuck).
  9805 | D:8      | 9805 ||| Stepping randomly (stuck).
  9806 | D:8      | 9806 ||| Stepping randomly (stuck).
  9808 | D:8      | 9808 ||| Stepping randomly (stuck).
  9809 | D:8      | 9809 ||| Stepping randomly (stuck).
  9810 | D:8      | 9810 ||| Stepping randomly (stuck).
  9811 | D:8      | 9811 ||| Stepping randomly (stuck).
  9812 | D:8      | 9812 ||| Stepping randomly (stuck).
  9813 | D:8      | 9813 ||| Stepping randomly (stuck).
  9814 | D:8      | 9814 ||| Stepping randomly (stuck).
  9815 | D:8      | 9815 ||| Stepping randomly (stuck).
  9819 | D:8      | 9819 ||| Stepping randomly (stuck).
  9820 | D:8      | 9820 ||| Stepping randomly (stuck).
  9821 | D:8      | 9821 ||| Stepping randomly (stuck).
  9822 | D:8      | 9822 ||| Stepping randomly (stuck).
  9823 | D:8      | 9823 ||| Stepping randomly (stuck).
  9824 | D:8      | 9824 ||| Stepping randomly (stuck).
  9825 | D:8      | 9825 ||| Stepping randomly (stuck).
  9826 | D:8      | 9826 ||| Stepping randomly (stuck).
  9829 | D:8      | 9829 ||| Stepping randomly (stuck).
  9830 | D:8      | 9830 ||| Stepping randomly (stuck).
  9831 | D:8      | 9831 ||| Stepping randomly (stuck).
  9832 | D:8      | 9832 ||| Stepping randomly (stuck).
  9835 | D:8      | 9835 ||| Stepping randomly (stuck).
  9837 | D:8      | 9837 ||| Stepping randomly (stuck).
  9838 | D:8      | 9838 ||| Stepping randomly (stuck).
  9839 | D:8      | 9839 ||| Stepping randomly (stuck).
  9840 | D:8      | 9840 ||| Stepping randomly (stuck).
  9841 | D:8      | 9841 ||| Stepping randomly (stuck).
  9842 | D:8      | 9842 ||| Stepping randomly (stuck).
  9843 | D:8      | 9843 ||| Stepping randomly (stuck).
  9844 | D:8      | 9844 ||| Stepping randomly (stuck).
  9845 | D:8      | 9845 ||| Stepping randomly (stuck).
  9846 | D:8      | 9846 ||| Stepping randomly (stuck).
  9847 | D:8      | 9847 ||| Stepping randomly (stuck).
  9849 | D:8      | 9849 ||| Stepping randomly (stuck).
  9850 | D:8      | 9850 ||| Stepping randomly (stuck).
  9852 | D:8      | 9852 ||| Stepping randomly (stuck).
  9854 | D:8      | 9854 ||| Stepping randomly (stuck).
  9856 | D:8      | 9856 ||| Stepping randomly (stuck).
  9858 | D:8      | 9858 ||| Stepping randomly (stuck).
  9860 | D:8      | 9860 ||| Stepping randomly (stuck).
  9862 | D:8      | 9862 ||| Stepping randomly (stuck).
  9864 | D:8      | 9864 ||| Stepping randomly (stuck).
  9866 | D:8      | 9866 ||| Stepping randomly (stuck).
  9868 | D:8      | 9868 ||| Stepping randomly (stuck).
  9869 | D:8      | 9869 ||| Stepping randomly (stuck).
  9870 | D:8      | 9870 ||| Stepping randomly (stuck).
  9871 | D:8      | 9871 ||| Stepping randomly (stuck).
  9872 | D:8      | 9872 ||| Stepping randomly (stuck).
  9874 | D:8      | 9874 ||| Stepping randomly (stuck).
  9876 | D:8      | 9876 ||| Stepping randomly (stuck).
  9877 | D:8      | 9877 ||| Stepping randomly (stuck).
  9878 | D:8      | 9878 ||| Stepping randomly (stuck).
  9879 | D:8      | 9879 ||| Stepping randomly (stuck).
  9880 | D:8      | 9880 ||| Stepping randomly (stuck).
  9881 | D:8      | 9881 ||| Stepping randomly (stuck).
  9882 | D:8      | 9882 ||| Stepping randomly (stuck).
  9883 | D:8      | 9883 ||| Stepping randomly (stuck).
  9884 | D:8      | 9884 ||| Stepping randomly (stuck).
  9885 | D:8      | 9885 ||| Stepping randomly (stuck).
  9886 | D:8      | 9886 ||| Stepping randomly (stuck).
  9887 | D:8      | 9887 ||| Stepping randomly (stuck).
  9888 | D:8      | 9888 ||| Stepping randomly (stuck).
  9889 | D:8      | 9889 ||| Stepping randomly (stuck).
  9890 | D:8      | 9890 ||| Stepping randomly (stuck).
  9891 | D:8      | 9891 ||| Stepping randomly (stuck).
  9892 | D:8      | 9892 ||| Stepping randomly (stuck).
  9893 | D:8      | 9893 ||| Stepping randomly (stuck).
  9894 | D:8      | 9894 ||| Stepping randomly (stuck).
  9895 | D:8      | 9895 ||| Stepping randomly (stuck).
  9896 | D:8      | 9896 ||| Stepping randomly (stuck).
  9897 | D:8      | 9897 ||| Stepping randomly (stuck).
  9898 | D:8      | 9898 ||| Stepping randomly (stuck).
  9899 | D:8      | 9899 ||| Stepping randomly (stuck).
  9900 | D:8      | 9900 ||| Stepping randomly (stuck).
  9901 | D:8      | 9901 ||| Stepping randomly (stuck).
  9902 | D:8      | 9902 ||| Stepping randomly (stuck).
  9903 | D:8      | 9903 ||| Stepping randomly (stuck).
  9904 | D:8      | 9904 ||| Stepping randomly (stuck).
  9905 | D:8      | 9905 ||| Stepping randomly (stuck).
  9906 | D:8      | 9906 ||| Stepping randomly (stuck).
  9907 | D:8      | 9907 ||| Stepping randomly (stuck).
  9908 | D:8      | 9908 ||| Stepping randomly (stuck).
  9909 | D:8      | 9909 ||| Stepping randomly (stuck).
  9910 | D:8      | 9910 ||| Stepping randomly (stuck).
  9911 | D:8      | 9911 ||| Stepping randomly (stuck).
  9912 | D:8      | 9912 ||| Stepping randomly (stuck).
  9913 | D:8      | 9913 ||| Stepping randomly (stuck).
  9914 | D:8      | 9914 ||| Stepping randomly (stuck).
  9915 | D:8      | 9915 ||| Stepping randomly (stuck).
  9916 | D:8      | 9916 ||| Stepping randomly (stuck).
  9917 | D:8      | 9917 ||| Stepping randomly (stuck).
  9918 | D:8      | 9918 ||| Stepping randomly (stuck).
  9919 | D:8      | 9919 ||| Stepping randomly (stuck).
  9920 | D:8      | 9920 ||| Stepping randomly (stuck).
  9921 | D:8      | 9921 ||| Stepping randomly (stuck).
  9922 | D:8      | 9922 ||| Stepping randomly (stuck).
  9923 | D:8      | 9923 ||| Stepping randomly (stuck).
  9924 | D:8      | 9924 ||| Stepping randomly (stuck).
  9925 | D:8      | 9925 ||| Stepping randomly (stuck).
  9926 | D:8      | 9926 ||| Stepping randomly (stuck).
  9927 | D:8      | 9927 ||| Stepping randomly (stuck).
  9929 | D:8      | 9929 ||| Stepping randomly (stuck).
  9931 | D:8      | 9931 ||| Stepping randomly (stuck).
  9933 | D:8      | 9933 ||| Stepping randomly (stuck).
  9935 | D:8      | 9935 ||| Stepping randomly (stuck).
  9936 | D:8      | 9936 ||| Stepping randomly (stuck).
  9937 | D:8      | 9937 ||| Stepping randomly (stuck).
  9939 | D:8      | 9939 ||| Stepping randomly (stuck).
  9944 | D:8      | 9944 ||| Stepping randomly (stuck).
  9945 | D:8      | 9945 ||| Stepping randomly (stuck).
  9946 | D:8      | 9946 ||| Stepping randomly (stuck).
  9947 | D:8      | 9947 ||| Stepping randomly (stuck).
  9948 | D:8      | 9948 ||| Stepping randomly (stuck).
  9949 | D:8      | 9949 ||| Stepping randomly (stuck).
  9950 | D:8      | 9950 ||| Stepping randomly (stuck).
  9952 | D:8      | 9952 ||| Stepping randomly (stuck).
  9953 | D:8      | 9953 ||| Stepping randomly (stuck).
  9954 | D:8      | 9954 ||| Stepping randomly (stuck).
  9955 | D:8      | 9955 ||| Stepping randomly (stuck).
  9956 | D:8      | 9956 ||| Stepping randomly (stuck).
  9957 | D:8      | 9957 ||| Stepping randomly (stuck).
  9958 | D:8      | 9958 ||| Stepping randomly (stuck).
  9959 | D:8      | 9959 ||| Stepping randomly (stuck).
  9960 | D:8      | 9960 ||| Stepping randomly (stuck).
  9961 | D:8      | 9961 ||| Stepping randomly (stuck).
  9962 | D:8      | 9962 ||| Stepping randomly (stuck).
  9963 | D:8      | 9963 ||| Stepping randomly (stuck).
  9964 | D:8      | 9964 ||| Stepping randomly (stuck).
  9965 | D:8      | 9965 ||| Stepping randomly (stuck).
  9966 | D:8      | 9966 ||| Stepping randomly (stuck).
  9967 | D:8      | 9967 ||| Stepping randomly (stuck).
  9968 | D:8      | 9968 ||| Stepping randomly (stuck).
  9969 | D:8      | 9969 ||| Stepping randomly (stuck).
  9970 | D:8      | 9970 ||| Stepping randomly (stuck).
  9971 | D:8      | 9971 ||| Stepping randomly (stuck).
  9972 | D:8      | 9972 ||| Stepping randomly (stuck).
  9973 | D:8      | 9973 ||| Stepping randomly (stuck).
  9974 | D:8      | 9974 ||| Stepping randomly (stuck).
  9975 | D:8      | 9975 ||| Stepping randomly (stuck).
  9976 | D:8      | 9976 ||| Stepping randomly (stuck).
  9977 | D:8      | 9977 ||| Stepping randomly (stuck).
  9978 | D:8      | 9978 ||| Stepping randomly (stuck).
  9979 | D:8      | 9979 ||| Stepping randomly (stuck).
  9980 | D:8      | 9980 ||| Stepping randomly (stuck).
  9981 | D:8      | 9981 ||| Stepping randomly (stuck).
  9982 | D:8      | 9982 ||| Stepping randomly (stuck).
  9983 | D:8      | 9983 ||| Stepping randomly (stuck).
  9984 | D:8      | 9984 ||| Stepping randomly (stuck).
  9985 | D:8      | 9985 ||| Stepping randomly (stuck).
  9986 | D:8      | 9986 ||| Stepping randomly (stuck).
  9987 | D:8      | 9987 ||| Stepping randomly (stuck).
  9988 | D:8      | 9988 ||| Stepping randomly (stuck).
  9989 | D:8      | 9989 ||| Stepping randomly (stuck).
  9990 | D:8      | 9990 ||| Stepping randomly (stuck).
  9991 | D:8      | 9991 ||| Stepping randomly (stuck).
  9992 | D:8      | 9992 ||| Stepping randomly (stuck).
  9993 | D:8      | 9993 ||| Stepping randomly (stuck).
  9994 | D:8      | 9994 ||| Stepping randomly (stuck).
  9995 | D:8      | 9995 ||| Stepping randomly (stuck).
  9996 | D:8      | 9996 ||| Stepping randomly (stuck).
  9997 | D:8      | 9997 ||| Stepping randomly (stuck).
  9998 | D:8      | 9998 ||| Stepping randomly (stuck).
  9999 | D:8      | 9999 ||| Stepping randomly (stuck).
 10000 | D:8      | 10000 ||| Stepping randomly (stuck).
 10001 | D:8      | 10001 ||| Stepping randomly (stuck).
 10002 | D:8      | 10002 ||| Stepping randomly (stuck).
 10003 | D:8      | 10003 ||| Stepping randomly (stuck).
 10004 | D:8      | 10004 ||| Stepping randomly (stuck).
 10005 | D:8      | 10005 ||| Stepping randomly (stuck).
 10006 | D:8      | 10006 ||| Stepping randomly (stuck).
 10007 | D:8      | 10007 ||| Stepping randomly (stuck).
 10008 | D:8      | 10008 ||| Stepping randomly (stuck).
 10009 | D:8      | 10009 ||| Stepping randomly (stuck).
 10010 | D:8      | 10010 ||| Stepping randomly (stuck).
 10011 | D:8      | 10011 ||| Stepping randomly (stuck).
 10012 | D:8      | 10012 ||| Stepping randomly (stuck).
 10013 | D:8      | 10013 ||| Stepping randomly (stuck).
 10014 | D:8      | 10014 ||| Stepping randomly (stuck).
 10015 | D:8      | 10015 ||| Stepping randomly (stuck).
 10016 | D:8      | 10016 ||| Stepping randomly (stuck).
 10017 | D:8      | 10017 ||| Stepping randomly (stuck).
 10018 | D:8      | 10018 ||| Stepping randomly (stuck).
 10019 | D:8      | 10019 ||| Stepping randomly (stuck).
 10020 | D:8      | 10020 ||| Stepping randomly (stuck).
 10021 | D:8      | 10021 ||| Stepping randomly (stuck).
 10022 | D:8      | 10022 ||| Stepping randomly (stuck).
 10023 | D:8      | 10023 ||| Stepping randomly (stuck).
 10024 | D:8      | 10024 ||| Stepping randomly (stuck).
 10025 | D:8      | 10025 ||| Stepping randomly (stuck).
 10026 | D:8      | 10026 ||| Stepping randomly (stuck).
 10027 | D:8      | 10027 ||| Stepping randomly (stuck).
 10028 | D:8      | 10028 ||| Stepping randomly (stuck).
 10029 | D:8      | 10029 ||| Stepping randomly (stuck).
 10030 | D:8      | 10030 ||| Stepping randomly (stuck).
 10031 | D:8      | 10031 ||| Stepping randomly (stuck).
 10032 | D:8      | 10032 ||| Stepping randomly (stuck).
 10033 | D:8      | 10033 ||| Stepping randomly (stuck).
 10034 | D:8      | 10034 ||| Stepping randomly (stuck).
 10035 | D:8      | 10035 ||| Stepping randomly (stuck).
 10037 | D:8      | 10037 ||| Stepping randomly (stuck).
 10039 | D:8      | 10039 ||| Stepping randomly (stuck).
 10040 | D:8      | 10040 ||| Stepping randomly (stuck).
 10041 | D:8      | 10041 ||| Stepping randomly (stuck).
 10042 | D:8      | 10042 ||| Stepping randomly (stuck).
 10043 | D:8      | 10043 ||| Stepping randomly (stuck).
 10044 | D:8      | 10044 ||| Stepping randomly (stuck).
 10045 | D:8      | 10045 ||| Stepping randomly (stuck).
 10046 | D:8      | 10046 ||| Stepping randomly (stuck).
 10047 | D:8      | 10047 ||| Stepping randomly (stuck).
 10048 | D:8      | 10048 ||| Stepping randomly (stuck).
 10049 | D:8      | 10049 ||| Stepping randomly (stuck).
 10050 | D:8      | 10050 ||| Stepping randomly (stuck).
 10051 | D:8      | 10051 ||| Stepping randomly (stuck).
 10052 | D:8      | 10052 ||| Stepping randomly (stuck).
 10053 | D:8      | 10053 ||| Stepping randomly (stuck).
 10054 | D:8      | 10054 ||| Stepping randomly (stuck).
 10055 | D:8      | 10055 ||| Stepping randomly (stuck).
 10056 | D:8      | 10056 ||| Stepping randomly (stuck).
 10057 | D:8      | 10057 ||| Stepping randomly (stuck).
 10058 | D:8      | 10058 ||| Stepping randomly (stuck).
 10059 | D:8      | 10059 ||| Stepping randomly (stuck).
 10060 | D:8      | 10060 ||| Stepping randomly (stuck).
 10061 | D:8      | 10061 ||| Stepping randomly (stuck).
 10062 | D:8      | 10062 ||| Stepping randomly (stuck).
 10063 | D:8      | 10063 ||| Stepping randomly (stuck).
 10064 | D:8      | 10064 ||| Stepping randomly (stuck).
 10066 | D:8      | 10066 ||| Stepping randomly (stuck).
 10068 | D:8      | 10068 ||| Stepping randomly (stuck).
 10069 | D:8      | 10069 ||| Stepping randomly (stuck).
 10070 | D:8      | 10070 ||| Stepping randomly (stuck).
 10071 | D:8      | 10071 ||| Stepping randomly (stuck).
 10072 | D:8      | 10072 ||| Stepping randomly (stuck).
 10073 | D:8      | 10073 ||| Stepping randomly (stuck).
 10074 | D:8      | 10074 ||| Stepping randomly (stuck).
 10075 | D:8      | 10075 ||| Stepping randomly (stuck).
 10076 | D:8      | 10076 ||| Stepping randomly (stuck).
 10077 | D:8      | 10077 ||| Stepping randomly (stuck).
 10078 | D:8      | 10078 ||| Stepping randomly (stuck).
 10079 | D:8      | 10079 ||| Stepping randomly (stuck).
 10080 | D:8      | 10080 ||| Stepping randomly (stuck).
 10081 | D:8      | 10081 ||| Stepping randomly (stuck).
 10082 | D:8      | 10082 ||| Stepping randomly (stuck).
 10083 | D:8      | 10083 ||| Stepping randomly (stuck).
 10084 | D:8      | 10084 ||| Stepping randomly (stuck).
 10085 | D:8      | 10085 ||| Stepping randomly (stuck).
 10086 | D:8      | 10086 ||| Stepping randomly (stuck).
 10088 | D:8      | 10088 ||| Stepping randomly (stuck).
 10089 | D:8      | 10089 ||| Stepping randomly (stuck).
 10091 | D:8      | 10091 ||| Stepping randomly (stuck).
 10093 | D:8      | 10093 ||| Stepping randomly (stuck).
 10094 | D:8      | 10094 ||| Stepping randomly (stuck).
 10095 | D:8      | 10095 ||| Stepping randomly (stuck).
 10096 | D:8      | 10096 ||| Stepping randomly (stuck).
 10097 | D:8      | 10097 ||| Stepping randomly (stuck).
 10098 | D:8      | 10098 ||| Stepping randomly (stuck).
 10099 | D:8      | 10099 ||| Stepping randomly (stuck).
 10100 | D:8      | 10100 ||| Stepping randomly (stuck).
 10101 | D:8      | 10101 ||| Stepping randomly (stuck).
 10102 | D:8      | 10102 ||| Stepping randomly (stuck).
 10103 | D:8      | 10103 ||| Stepping randomly (stuck).
 10104 | D:8      | 10104 ||| Stepping randomly (stuck).
 10105 | D:8      | 10105 ||| Stepping randomly (stuck).
 10106 | D:8      | 10106 ||| Stepping randomly (stuck).
 10107 | D:8      | 10107 ||| Stepping randomly (stuck).
 10108 | D:8      | 10108 ||| Stepping randomly (stuck).
 10109 | D:8      | 10109 ||| Stepping randomly (stuck).
 10110 | D:8      | 10110 ||| Stepping randomly (stuck).
 10111 | D:8      | 10111 ||| Stepping randomly (stuck).
 10112 | D:8      | 10112 ||| Stepping randomly (stuck).
 10113 | D:8      | 10113 ||| Stepping randomly (stuck).
 10114 | D:8      | 10114 ||| Stepping randomly (stuck).
 10115 | D:8      | 10115 ||| Stepping randomly (stuck).
 10116 | D:8      | 10116 ||| Stepping randomly (stuck).
 10117 | D:8      | 10117 ||| Stepping randomly (stuck).
 10118 | D:8      | 10118 ||| Stepping randomly (stuck).
 10119 | D:8      | 10119 ||| Stepping randomly (stuck).
 10120 | D:8      | 10120 ||| Stepping randomly (stuck).
 10121 | D:8      | 10121 ||| Stepping randomly (stuck).
 10122 | D:8      | 10122 ||| Stepping randomly (stuck).
 10123 | D:8      | 10123 ||| Stepping randomly (stuck).
 10124 | D:8      | 10124 ||| Stepping randomly (stuck).
 10125 | D:8      | 10125 ||| Stepping randomly (stuck).
 10126 | D:8      | 10126 ||| Stepping randomly (stuck).
 10127 | D:8      | 10127 ||| Stepping randomly (stuck).
 10128 | D:8      | 10128 ||| Stepping randomly (stuck).
 10129 | D:8      | 10129 ||| Stepping randomly (stuck).
 10130 | D:8      | 10130 ||| Stepping randomly (stuck).
 10131 | D:8      | 10131 ||| Stepping randomly (stuck).
 10132 | D:8      | 10132 ||| Stepping randomly (stuck).
 10133 | D:8      | 10133 ||| Stepping randomly (stuck).
 10134 | D:8      | 10134 ||| Stepping randomly (stuck).
 10135 | D:8      | 10135 ||| Stepping randomly (stuck).
 10136 | D:8      | 10136 ||| Stepping randomly (stuck).
 10137 | D:8      | 10137 ||| Stepping randomly (stuck).
 10138 | D:8      | 10138 ||| Stepping randomly (stuck).
 10139 | D:8      | 10139 ||| Stepping randomly (stuck).
 10140 | D:8      | 10140 ||| Stepping randomly (stuck).
 10141 | D:8      | 10141 ||| Stepping randomly (stuck).
 10142 | D:8      | 10142 ||| Stepping randomly (stuck).
 10143 | D:8      | 10143 ||| Stepping randomly (stuck).
 10144 | D:8      | 10144 ||| Stepping randomly (stuck).
 10145 | D:8      | 10145 ||| Stepping randomly (stuck).
 10146 | D:8      | 10146 ||| Stepping randomly (stuck).
 10147 | D:8      | 10147 ||| Stepping randomly (stuck).
 10148 | D:8      | 10148 ||| Stepping randomly (stuck).
 10149 | D:8      | 10149 ||| Stepping randomly (stuck).
 10150 | D:8      | 10150 ||| Stepping randomly (stuck).
 10151 | D:8      | 10151 ||| Stepping randomly (stuck).
 10152 | D:8      | 10152 ||| Stepping randomly (stuck).
 10153 | D:8      | 10153 ||| Stepping randomly (stuck).
 10154 | D:8      | 10154 ||| Stepping randomly (stuck).
 10155 | D:8      | 10155 ||| Stepping randomly (stuck).
 10162 | D:8      | 10162 ||| Stepping randomly (stuck).
 10163 | D:8      | 10163 ||| Stepping randomly (stuck).
 10164 | D:8      | 10164 ||| Stepping randomly (stuck).
 10165 | D:8      | 10165 ||| Stepping randomly (stuck).
 10166 | D:8      | 10166 ||| Stepping randomly (stuck).
 10167 | D:8      | 10167 ||| Stepping randomly (stuck).
 10168 | D:8      | 10168 ||| Stepping randomly (stuck).
 10169 | D:8      | 10169 ||| Stepping randomly (stuck).
 10170 | D:8      | 10170 ||| Stepping randomly (stuck).
 10171 | D:8      | 10171 ||| Stepping randomly (stuck).
 10172 | D:8      | 10172 ||| Stepping randomly (stuck).
 10173 | D:8      | 10173 ||| Stepping randomly (stuck).
 10175 | D:8      | 10175 ||| Stepping randomly (stuck).
 10177 | D:8      | 10177 ||| Stepping randomly (stuck).
 10179 | D:8      | 10179 ||| Stepping randomly (stuck).
 10180 | D:8      | 10180 ||| Stepping randomly (stuck).
 10181 | D:8      | 10181 ||| Stepping randomly (stuck).
 10182 | D:8      | 10182 ||| Stepping randomly (stuck).
 10183 | D:8      | 10183 ||| Stepping randomly (stuck).
 10184 | D:8      | 10184 ||| Stepping randomly (stuck).
 10185 | D:8      | 10185 ||| Stepping randomly (stuck).
 10186 | D:8      | 10186 ||| Stepping randomly (stuck).
 10187 | D:8      | 10187 ||| Stepping randomly (stuck).
 10188 | D:8      | 10188 ||| Stepping randomly (stuck).
 10189 | D:8      | 10189 ||| Stepping randomly (stuck).
 10190 | D:8      | 10190 ||| Stepping randomly (stuck).
 10191 | D:8      | 10191 ||| Stepping randomly (stuck).
 10192 | D:8      | 10192 ||| Stepping randomly (stuck).
 10193 | D:8      | 10193 ||| Stepping randomly (stuck).
 10194 | D:8      | 10194 ||| Stepping randomly (stuck).
 10195 | D:8      | 10195 ||| Stepping randomly (stuck).
 10196 | D:8      | 10196 ||| Stepping randomly (stuck).
 10197 | D:8      | 10197 ||| Stepping randomly (stuck).
 10198 | D:8      | 10198 ||| Stepping randomly (stuck).
 10199 | D:8      | 10199 ||| Stepping randomly (stuck).
 10200 | D:8      | 10200 ||| Stepping randomly (stuck).
 10201 | D:8      | 10201 ||| Stepping randomly (stuck).
 10202 | D:8      | 10202 ||| Stepping randomly (stuck).
 10203 | D:8      | 10203 ||| Stepping randomly (stuck).
 10204 | D:8      | 10204 ||| Stepping randomly (stuck).
 10205 | D:8      | 10205 ||| Stepping randomly (stuck).
 10206 | D:8      | 10206 ||| Stepping randomly (stuck).
 10207 | D:8      | 10207 ||| Stepping randomly (stuck).
 10208 | D:8      | 10208 ||| Stepping randomly (stuck).
 10209 | D:8      | 10209 ||| Stepping randomly (stuck).
 10210 | D:8      | 10210 ||| Stepping randomly (stuck).
 10211 | D:8      | 10211 ||| Stepping randomly (stuck).
 10212 | D:8      | 10212 ||| Stepping randomly (stuck).
 10213 | D:8      | 10213 ||| Stepping randomly (stuck).
 10214 | D:8      | 10214 ||| Stepping randomly (stuck).
 10215 | D:8      | 10215 ||| Stepping randomly (stuck).
 10216 | D:8      | 10216 ||| Stepping randomly (stuck).
 10217 | D:8      | 10217 ||| Stepping randomly (stuck).
 10218 | D:8      | 10218 ||| Stepping randomly (stuck).
 10219 | D:8      | 10219 ||| Stepping randomly (stuck).
 10220 | D:8      | 10220 ||| Stepping randomly (stuck).
 10221 | D:8      | 10221 ||| Stepping randomly (stuck).
 10230 | D:8      | Killed a two-headed ogre
 10231 | D:8      | Reached XP level 11. HP: 68/71 MP: 11/11
 10250 | D:8      | 10250 ||| Stepping randomly (stuck).
 10251 | D:8      | 10251 ||| Stepping randomly (stuck).
 10252 | D:8      | 10252 ||| Stepping randomly (stuck).
 10253 | D:8      | 10253 ||| Stepping randomly (stuck).
 10254 | D:8      | 10254 ||| Stepping randomly (stuck).
 10255 | D:8      | 10255 ||| Stepping randomly (stuck).
 10256 | D:8      | 10256 ||| Stepping randomly (stuck).
 10257 | D:8      | 10257 ||| Stepping randomly (stuck).
 10258 | D:8      | 10258 ||| Stepping randomly (stuck).
 10259 | D:8      | 10259 ||| Stepping randomly (stuck).
 10260 | D:8      | 10260 ||| Stepping randomly (stuck).
 10261 | D:8      | 10261 ||| Stepping randomly (stuck).
 10262 | D:8      | 10262 ||| Stepping randomly (stuck).
 10263 | D:8      | 10263 ||| Stepping randomly (stuck).
 10264 | D:8      | 10264 ||| Stepping randomly (stuck).
 10265 | D:8      | 10265 ||| Stepping randomly (stuck).
 10279 | D:8      | 10279 ||| Stepping randomly (stuck).
 10280 | D:8      | 10280 ||| Stepping randomly (stuck).
 10281 | D:8      | 10281 ||| Stepping randomly (stuck).
 10282 | D:8      | 10282 ||| Stepping randomly (stuck).
 10283 | D:8      | 10283 ||| Stepping randomly (stuck).
 10284 | D:8      | 10284 ||| Stepping randomly (stuck).
 10285 | D:8      | 10285 ||| Stepping randomly (stuck).
 10286 | D:8      | 10286 ||| Stepping randomly (stuck).
 10287 | D:8      | 10287 ||| Stepping randomly (stuck).
 10288 | D:8      | 10288 ||| Stepping randomly (stuck).
 10289 | D:8      | 10289 ||| Stepping randomly (stuck).
 10290 | D:8      | 10290 ||| Stepping randomly (stuck).
 10291 | D:8      | 10291 ||| Stepping randomly (stuck).
 10292 | D:8      | 10292 ||| Stepping randomly (stuck).
 10293 | D:8      | 10293 ||| Stepping randomly (stuck).
 10294 | D:8      | 10294 ||| Stepping randomly (stuck).
 10295 | D:8      | 10295 ||| Stepping randomly (stuck).
 10296 | D:8      | 10296 ||| Stepping randomly (stuck).
 10297 | D:8      | 10297 ||| Stepping randomly (stuck).
 10300 | D:8      | 10300 ||| Stepping randomly (stuck).
 10301 | D:8      | 10301 ||| Stepping randomly (stuck).
 10302 | D:8      | 10302 ||| Stepping randomly (stuck).
 10303 | D:8      | 10303 ||| Stepping randomly (stuck).
 10304 | D:8      | 10304 ||| Stepping randomly (stuck).
 10305 | D:8      | 10305 ||| Stepping randomly (stuck).
 10306 | D:8      | 10306 ||| Stepping randomly (stuck).
 10307 | D:8      | 10307 ||| Stepping randomly (stuck).
 10308 | D:8      | 10308 ||| Stepping randomly (stuck).
 10309 | D:8      | 10309 ||| Stepping randomly (stuck).
 10312 | D:8      | 10312 ||| Stepping randomly (stuck).
 10314 | D:8      | 10314 ||| Stepping randomly (stuck).
 10315 | D:8      | 10315 ||| Stepping randomly (stuck).
 10316 | D:8      | 10316 ||| Stepping randomly (stuck).
 10318 | D:8      | 10318 ||| Stepping randomly (stuck).
 10320 | D:8      | 10320 ||| Stepping randomly (stuck).
 10321 | D:8      | 10321 ||| Stepping randomly (stuck).
 10322 | D:8      | 10322 ||| Stepping randomly (stuck).
 10323 | D:8      | 10323 ||| Stepping randomly (stuck).
 10324 | D:8      | 10324 ||| Stepping randomly (stuck).
 10326 | D:8      | 10326 ||| Stepping randomly (stuck).
 10328 | D:8      | 10328 ||| Stepping randomly (stuck).
 10329 | D:8      | 10329 ||| Stepping randomly (stuck).
 10330 | D:8      | 10330 ||| Stepping randomly (stuck).
 10331 | D:8      | 10331 ||| Stepping randomly (stuck).
 10332 | D:8      | 10332 ||| Stepping randomly (stuck).
 10333 | D:8      | 10333 ||| Stepping randomly (stuck).
 10334 | D:8      | 10334 ||| Stepping randomly (stuck).
 10335 | D:8      | 10335 ||| Stepping randomly (stuck).
 10336 | D:8      | 10336 ||| Stepping randomly (stuck).
 10337 | D:8      | 10337 ||| Stepping randomly (stuck).
 10338 | D:8      | 10338 ||| Stepping randomly (stuck).
 10339 | D:8      | 10339 ||| Stepping randomly (stuck).
 10340 | D:8      | 10340 ||| Stepping randomly (stuck).
 10341 | D:8      | 10341 ||| Stepping randomly (stuck).
 10353 | D:8      | Reached skill level 12 in Axes
 10425 | D:8      | 10425 ||| UPGRADING to +2 kite shield.
 10435 | D:8      | 10435 ||| DROPPING +0 buckler.
 10436 | D:8      | 10436 ||| READING scroll labelled YWUSMIEN TUTI.
 10644 | D:9      | 10644 ||| Stepping ~*~*~tactically~*~*~ (stealth).
 10649 | D:9      | Reached skill level 6 in Shields
 10669 | D:9      | 10669 ||| Stepping ~*~*~tactically~*~*~ (stealth).
 10776 | D:9      | 10776 ||| Stepping ~*~*~tactically~*~*~ (hiding).
 10781 | D:9      | Noticed a two-headed ogre
 10789 | D:9      | Killed a two-headed ogre
 10857 | D:9      | 10857 ||| Stepping ~*~*~tactically~*~*~ (hiding).
 10860 | D:9      | 10860 ||| Stepping ~*~*~tactically~*~*~ (hiding).
 10861 | D:9      | 10861 ||| Stepping ~*~*~tactically~*~*~ (hiding).
 11010 | D:9      | 11010 ||| Stepping ~*~*~tactically~*~*~ (stealth).
 11086 | D:9      | 11086 ||| Stepping ~*~*~tactically~*~*~ (stealth).
 11088 | D:9      | 11088 ||| Stepping ~*~*~tactically~*~*~ (hiding).
 11407 | D:9      | 11407 ||| DROPPING +2 hat.
 11435 | D:10     | Entered Level 10 of the Dungeon
 11436 | D:10     | Noticed a death yak
 11446 | D:10     | HP: 5/71 [death yak (17)]
 11448 | D:10     | Killed a death yak
 11470 | D:10     | 11470 ||| FLEEEEING.
 11470 | D:10     | HP: 1/71 [orc priest/divine providence (9)]
 11471 | D:10     | 11471 ||| FLEEEEING.
 11472 | D:10     | 11472 ||| STAIRDANCE
 11815 | D:10     | Noticed a death yak
 11815 | D:10     | Noticed a death yak
 11816 | D:10     | 11816 ||| Stepping ~*~*~tactically~*~*~ (stealth).
 11817 | D:10     | 11817 ||| STAIRDANCE
 11865 | D:10     | 11865 ||| STAIRDANCE
 11872 | D:9      | Reached skill level 9 in Shields
 11887 | D:10     | 11887 ||| STAIRDANCE
 11894 | D:9      | Killed a death yak
 11943 | D:10     | Killed a death yak
 11944 | D:10     | 11944 ||| STAIRDANCE
 12115 | D:10     | Found a staircase to the Lair.
 12137 | D:10     | Found Huuf's Book Boutique.
 12420 | D:10     | Noticed a two-headed ogre
 12425 | D:10     | Killed a two-headed ogre
 12426 | D:10     | Reached XP level 12. HP: 72/77 MP: 12/12
 12561 | D:10     | Noticed a two-headed ogre
 12568 | D:10     | Killed a two-headed ogre
 12620 | D:10     | Found an iron altar of Okawaru.
 12784 | D:10     | 12784 ||| UPGRADING to +0 plate armour.
 12794 | D:10     | 12794 ||| DROPPING +0 chain mail.
 12862 | D:10     | 12862 ||| PLANNING OKAWARU WORSHIP
 12862 | D:10     | Became a worshipper of Warmaster Okawaru
 12863 | D:10     | 12863 ||| PLANNING LAIR
 12916 | Lair:1   | Entered Level 1 of the Lair of Beasts
 12918 | Lair:1   | 12918 ||| Stepping ~*~*~tactically~*~*~ (stealth).
 12923 | Lair:1   | 12923 ||| Stepping ~*~*~tactically~*~*~ (stealth).
 12929 | Lair:1   | 12929 ||| Stepping ~*~*~tactically~*~*~ (stealth).
 12991 | Lair:1   | 12991 ||| Stepping ~*~*~tactically~*~*~ (stealth).
 12992 | Lair:1   | 12992 ||| Stepping ~*~*~tactically~*~*~ (stealth).
 13124 | Lair:1   | Reached * piety under Okawaru
 13282 | Lair:1   | Reached skill level 1 in Invocations
 13303 | Lair:1   | 13303 ||| INVOKING Heroism.
 13314 | Lair:1   | 13314 ||| INVOKING Heroism.
 13370 | Lair:1   | 13370 ||| Stepping ~*~*~tactically~*~*~ (stealth).
 13407 | Lair:1   | 13407 ||| INVOKING Heroism.
 13647 | Lair:1   | Reached skill level 3 in Invocations
 13750 | Lair:1   | 13750 ||| READING 6 scrolls of identify.
 13750 | Lair:1   | 13750 ||| IDENTIFYING inky potion
 13821 | Lair:2   | Reached ** piety under Okawaru
 13862 | Lair:2   | Reached skill level 9 in Armour
 13927 | Lair:2   | 13927 ||| READING scroll of enchant weapon.
 13927 | Lair:2   | 13927 ||| ENCHANTING +2 broad axe of flaming.
 14018 | Lair:2   | 14018 ||| Stepping ~*~*~tactically~*~*~ (stealth).
 14020 | Lair:2   | 14020 ||| Stepping ~*~*~tactically~*~*~ (stealth).
 14277 | Lair:2   | 14277 ||| INVOKING Heroism.
 14387 | Lair:2   | Found a hole to the Spider Nest.
 14691 | Lair:3   | 14691 ||| Stepping ~*~*~tactically~*~*~ (hiding).
 14692 | Lair:3   | 14692 ||| Stepping ~*~*~tactically~*~*~ (hiding).
 14693 | Lair:3   | 14693 ||| Stepping ~*~*~tactically~*~*~ (stealth).
 14694 | Lair:3   | 14694 ||| Stepping ~*~*~tactically~*~*~ (hiding).
 14695 | Lair:3   | 14695 ||| Stepping ~*~*~tactically~*~*~ (hiding).
 14696 | Lair:3   | Found a staircase to the Shoals.
 14697 | Lair:3   | 14697 ||| INVOKING Heroism.
 14740 | Lair:3   | 14740 ||| INVOKING Heroism.
 14770 | Lair:3   | 14770 ||| Stepping ~*~*~tactically~*~*~ (water).
 14776 | Lair:3   | Reached *** piety under Okawaru
 14791 | Lair:3   | 14791 ||| INVOKING Heroism.
 14893 | Lair:3   | Noticed a seven-headed hydra
 14894 | Lair:3   | 14894 ||| INVOKING Heroism.
 14902 | Lair:3   | Killed a four-headed hydra
 14903 | Lair:3   | Reached XP level 13. HP: 69/83 MP: 14/16
 14916 | Lair:3   | 14916 ||| STAIRDANCE
 14984 | Lair:3   | 14984 ||| Stepping ~*~*~tactically~*~*~ (hiding).
 14985 | Lair:3   | 14985 ||| INVOKING Heroism.
 14990 | Lair:3   | Received a gift from Okawaru
 15338 | Lair:3   | Reached skill level 13 in Axes
 15555 | Lair:3   | 15555 ||| Stepping ~*~*~tactically~*~*~ (stealth).
 15557 | Lair:3   | 15557 ||| Stepping ~*~*~tactically~*~*~ (stealth).
 15559 | Lair:3   | 15559 ||| Stepping ~*~*~tactically~*~*~ (stealth).
 15565 | Lair:3   | 15565 ||| INVOKING Heroism.
 15736 | Lair:3   | 15736 ||| READING 6 scrolls of identify.
 15736 | Lair:3   | 15736 ||| IDENTIFYING grey potion
 15737 | Lair:3   | 15737 ||| DROPPING potion of ambrosia.
 15815 | Lair:4   | 15815 ||| INVOKING Heroism.
 15847 | Lair:4   | 15847 ||| Stepping ~*~*~tactically~*~*~ (stealth).
 15854 | Lair:4   | 15854 ||| Stepping ~*~*~tactically~*~*~ (stealth).
 15861 | Lair:4   | 15861 ||| INVOKING Heroism.
 15869 | Lair:4   | Reached **** piety under Okawaru
 15925 | Lair:4   | 15925 ||| Stepping ~*~*~tactically~*~*~ (stealth).
 16015 | Lair:4   | Found a runed translucent door.
 16017 | Lair:4   | Found a viscous altar of Jiyva.
 16019 | Lair:4   | Noticed an azure jelly
 16020 | Lair:4   | Found a staircase to the Slime Pits.
 16021 | Lair:4   | 16021 ||| Stepping ~*~*~tactically~*~*~ (stealth).
 16023 | Lair:4   | 16023 ||| INVOKING Heroism.
 16024 | Lair:4   | Noticed Sonja
 16025 | Lair:4   | 16025 ||| Stepping ~*~*~tactically~*~*~ (hiding).
 16051 | Lair:4   | 16051 ||| INVOKING Heroism.
 16052 | Lair:4   | Killed Sonja
 16134 | Lair:4   | 16134 ||| INVOKING Heroism.
 16143 | Lair:4   | Received a gift from Okawaru
 16147 | Lair:4   | Reached skill level 14 in Axes
 16154 | Lair:4   | Reached skill level 6 in Invocations
 16724 | Lair:5   | Entered Level 5 of the Lair of Beasts
 16832 | Lair:5   | 16832 ||| INVOKING Heroism.
 16849 | Lair:5   | 16849 ||| INVOKING Heroism.
 16855 | Lair:5   | Reached ***** piety under Okawaru
 16859 | Lair:5   | 16859 ||| INVOKING Finesse.
 17006 | Lair:5   | 17006 ||| INVOKING Heroism.
 17008 | Lair:5   | 17008 ||| Stepping ~*~*~tactically~*~*~ (stealth).
 17021 | Lair:5   | Gained mutation: Your large and strong wings let you fly.
                  | [Gargoyle growth]
 17021 | Lair:5   | Reached XP level 14. HP: 61/90 MP: 18/20
 17237 | Lair:5   | 17237 ||| INVOKING Heroism.
 17238 | Lair:5   | 17238 ||| INVOKING Finesse.
 17266 | Lair:5   | Received a gift from Okawaru
 17285 | Lair:5   | 17285 ||| INVOKING Finesse.
 17337 | Lair:5   | 17337 ||| DROPPING +0 war axe of flaming.
 17362 | Lair:5   | 17362 ||| Stepping ~*~*~tactically~*~*~ (hiding).
 17363 | Lair:5   | 17363 ||| INVOKING Heroism.
 17365 | Lair:5   | 17365 ||| INVOKING Finesse.
 17376 | Lair:5   | Reached skill level 9 in Invocations
 17441 | Lair:5   | 17441 ||| INVOKING Heroism.
 17443 | Lair:5   | 17443 ||| INVOKING Finesse.
 17483 | Lair:5   | Reached skill level 12 in Shields
 17590 | Lair:5   | 17590 ||| Stepping ~*~*~tactically~*~*~ (hiding).
 17594 | Lair:5   | 17594 ||| INVOKING Heroism.
 17595 | Lair:5   | 17595 ||| INVOKING Finesse.
 17683 | Lair:5   | 17683 ||| INVOKING Heroism.
 17684 | Lair:5   | 17684 ||| INVOKING Finesse.
 17710 | Lair:5   | Identified the +4 ring mail of Miemimir {Dex+4} (Okawaru
                  | gifted it to you on level 5 of the Lair of Beasts)
 17710 | Lair:5   | Received a gift from Okawaru
 18003 | Lair:5   | 18003 ||| INVOKING Heroism.
 18157 | Lair:5   | 18157 ||| PLANNING D:1-11
 18157 | Lair:5   | 18157 ||| DROPPING amulet of faith.
 18158 | Lair:5   | 18158 ||| READING 6 scrolls of identify.
 18158 | Lair:5   | 18158 ||| IDENTIFYING metallic puce potion
 18276 | D:11     | 18276 ||| Stepping ~*~*~tactically~*~*~ (stealth).
 18277 | D:11     | 18277 ||| Stepping ~*~*~tactically~*~*~ (stealth).
 18288 | D:11     | 18288 ||| Stepping ~*~*~tactically~*~*~ (hiding).
 18416 | D:11     | 18416 ||| Stepping ~*~*~tactically~*~*~ (stealth).
 18418 | D:11     | 18418 ||| INVOKING Heroism.
 18539 | D:11     | 18539 ||| Stepping ~*~*~tactically~*~*~ (hiding).
 18581 | D:11     | 18581 ||| INVOKING Heroism.
 18582 | D:11     | 18582 ||| INVOKING Finesse.
 18719 | D:11     | Found Fypriav's Antique Weapon Boutique.
 18719 | D:11     | Found Ywusin's Antique Armour Shoppe.
 18721 | D:11     | Found Nomaopn's Weapon Shop.
 18721 | D:11     | Found Voapots's Distillery.
 18723 | D:11     | Found Wett's Distillery.
 18723 | D:11     | Found Ujekamme's Book Shoppe.
 18727 | D:11     | 18727 ||| BUYING runed war axe (208 gold).
 18727 | D:11     | Bought a runed war axe for 208 gold pieces
 18727 | D:11     | 18727 ||| DROPPING +2 war axe of electrocution.
 18733 | D:11     | 18733 ||| BUYING potion of curing (39 gold).
 18733 | D:11     | Bought a potion of curing for 39 gold pieces
 18733 | D:11     | 18733 ||| BUYING potion of curing (39 gold).
 18733 | D:11     | Bought a potion of curing for 39 gold pieces
 18733 | D:11     | 18733 ||| BUYING potion of curing (39 gold).
 18733 | D:11     | Bought a potion of curing for 39 gold pieces
 18733 | D:11     | 18733 ||| BUYING potion of haste (130 gold).
 18733 | D:11     | Bought a potion of haste for 130 gold pieces
 18733 | D:11     | 18733 ||| BUYING potion of lignification (39 gold).
 18733 | D:11     | Bought a potion of lignification for 39 gold pieces
 18733 | D:11     | 18733 ||| BUYING potion of mutation (104 gold).
 18733 | D:11     | Bought a potion of mutation for 104 gold pieces
 18739 | D:11     | 18739 ||| BUYING 2 potions of mutation (240 gold).
 18739 | D:11     | Bought 2 potions of mutation for 240 gold pieces
 18739 | D:11     | 18739 ||| BUYING potion of curing (45 gold).
 18739 | D:11     | Bought a potion of curing for 45 gold pieces
 18739 | D:11     | 18739 ||| BUYING potion of curing (45 gold).
 18739 | D:11     | Bought a potion of curing for 45 gold pieces
 18739 | D:11     | 18739 ||| BUYING potion of haste (150 gold).
 18739 | D:11     | Bought a potion of haste for 150 gold pieces
 18739 | D:11     | 18739 ||| SHOPLISTING potion of heal wounds (75 gold, have
                  | 63).
 18739 | D:11     | 18739 ||| SHOPLISTING potion of mutation (120 gold, have
                  | 63).
 18745 | D:11     | 18745 ||| INVOKING Heroism.
 18927 | D:11     | 18927 ||| PLANNING D
 19019 | D:12     | 19019 ||| INVOKING Heroism.
 19024 | D:12     | 19024 ||| Stepping ~*~*~tactically~*~*~ (hiding).
 19046 | D:12     | 19046 ||| Stepping ~*~*~tactically~*~*~ (hiding).
 19054 | D:12     | 19054 ||| Stepping ~*~*~tactically~*~*~ (hiding).
 19072 | D:12     | 19072 ||| Stepping ~*~*~tactically~*~*~ (stealth).
 19087 | D:12     | 19087 ||| INVOKING Heroism.
 19345 | D:12     | Found a staircase to the Orcish Mines.
 19375 | D:12     | 19375 ||| INVOKING Heroism.
 19388 | D:12     | Reached skill level 15 in Axes
 19398 | D:12     | HP: 12/90 [orc priest/divine providence (11)]
 19399 | D:12     | 19399 ||| READING 5 scrolls of teleportation.
 19400 | D:12     | 19400 ||| DRINKING 2 potions of heal wounds.
 19762 | D:12     | 19762 ||| INVOKING Heroism.
 19765 | D:12     | 19765 ||| Stepping ~*~*~tactically~*~*~ (stealth).
 19893 | D:12     | 19893 ||| INVOKING Heroism.
 20069 | D:12     | 20069 ||| Stepping ~*~*~tactically~*~*~ (stealth).
 20070 | D:12     | 20070 ||| Stepping ~*~*~tactically~*~*~ (stealth).
 20071 | D:12     | 20071 ||| Stepping ~*~*~tactically~*~*~ (stealth).
 20075 | D:12     | 20075 ||| Stepping ~*~*~tactically~*~*~ (stealth).
 20262 | D:12     | 20262 ||| READING scroll labelled AFOOVA QIRR.
 20285 | D:13     | 20285 ||| INVOKING Heroism.
 20289 | D:13     | 20289 ||| STAIRDANCE
 20302 | D:13     | 20302 ||| STAIRDANCE
 20310 | D:13     | 20310 ||| INVOKING Heroism.
 20403 | D:13     | 20403 ||| Stepping ~*~*~tactically~*~*~ (stealth).
 20414 | D:13     | 20414 ||| INVOKING Heroism.
 20423 | D:13     | Reached XP level 15. HP: 46/96 MP: 20/22
 20435 | D:13     | HP: 4/96 [efreet/fireball (35)]
 20436 | D:13     | 20436 ||| READING 4 scrolls of teleportation.
 20437 | D:13     | 20437 ||| DRINKING potion of heal wounds.
 20442 | D:13     | 20442 ||| READING 3 scrolls of teleportation.
 20615 | D:13     | 20615 ||| INVOKING Heroism.
 20620 | D:13     | Reached skill level 12 in Fighting
 20769 | D:13     | 20769 ||| Stepping ~*~*~tactically~*~*~ (stealth).
 20806 | D:13     | 20806 ||| INVOKING Heroism.
 20807 | D:13     | 20807 ||| SWAPPING to +0 flail.
 20819 | D:13     | 20819 ||| SWAPPING to +3 broad axe of venom.
 20916 | D:13     | Found Yxtien's Weapon Shop.
 21069 | D:13     | 21069 ||| Stepping ~*~*~tactically~*~*~ (stealth).
 21070 | D:13     | 21070 ||| Stepping ~*~*~tactically~*~*~ (stealth).
 21072 | D:13     | 21072 ||| INVOKING Heroism.
 21073 | D:13     | 21073 ||| SWAPPING to +0 flail.
 21074 | D:13     | 21074 ||| INVOKING Finesse.
 21086 | D:13     | 21086 ||| SWAPPING to +3 broad axe of venom.
 21496 | D:13     | 21496 ||| READING scroll of enchant weapon.
 21496 | D:13     | 21496 ||| ENCHANTING +3 broad axe of venom.
 21516 | D:13     | 21516 ||| DROPPING ring of see invisible.
 21533 | D:14     | Noticed Urug
 21533 | D:14     | Found a gate to the Vaults.
 21534 | D:14     | 21534 ||| INVOKING Heroism.
 21535 | D:14     | 21535 ||| STAIRDANCE
 21548 | D:14     | 21548 ||| STAIRDANCE
 21555 | D:13     | Reached skill level 12 in Armour
 21610 | D:14     | 21610 ||| STAIRDANCE
 21612 | D:13     | 21612 ||| INVOKING Heroism.
 21621 | D:13     | HP: 7/96 [red ugly thing (19)]
 21622 | D:13     | 21622 ||| READING 3 scrolls of teleportation.
 21623 | D:13     | 21623 ||| DRINKING potion of heal wounds.
 21929 | D:14     | 21929 ||| STAIRDANCE
 21931 | D:13     | 21931 ||| INVOKING Heroism.
 21932 | D:13     | 21932 ||| INVOKING Finesse.
 21941 | D:13     | Killed Urug
 22067 | D:14     | 22067 ||| STAIRDANCE
 22072 | D:13     | 22072 ||| INVOKING Heroism.
 22289 | D:14     | 22289 ||| Stepping ~*~*~tactically~*~*~ (hiding).
 22292 | D:14     | 22292 ||| INVOKING Heroism.
 22457 | D:14     | 22457 ||| INVOKING Heroism.
 22497 | D:14     | 22497 ||| INVOKING Heroism.
 22512 | D:14     | 22512 ||| Stepping ~*~*~tactically~*~*~ (stealth).
 22522 | D:14     | 22522 ||| Stepping ~*~*~tactically~*~*~ (hiding).
 22527 | D:14     | 22527 ||| Stepping ~*~*~tactically~*~*~ (hiding).
 22545 | D:14     | 22545 ||| FLEEEEING.
 22546 | D:14     | 22546 ||| FLEEEEING.
 22547 | D:14     | 22547 ||| FLEEEEING.
 22548 | D:14     | 22548 ||| FLEEEEING.
 22549 | D:14     | 22549 ||| FLEEEEING.
 22550 | D:14     | 22550 ||| FLEEEEING.
 22551 | D:14     | 22551 ||| FLEEEEING.
 22552 | D:14     | 22552 ||| FLEEEEING.
 22553 | D:14     | 22553 ||| FLEEEEING.
 22554 | D:14     | 22554 ||| FLEEEEING.
 22555 | D:14     | 22555 ||| FLEEEEING.
 22556 | D:14     | 22556 ||| FLEEEEING.
 22611 | D:14     | 22611 ||| Stepping ~*~*~tactically~*~*~ (stealth).
 22612 | D:14     | 22612 ||| Stepping ~*~*~tactically~*~*~ (stealth).
 22616 | D:14     | 22616 ||| INVOKING Heroism.
 22620 | D:14     | Reached skill level 16 in Axes
 22691 | D:14     | 22691 ||| FLEEEEING.
 22692 | D:14     | 22692 ||| FLEEEEING.
 22693 | D:14     | 22693 ||| FLEEEEING.
 22694 | D:14     | 22694 ||| FLEEEEING.
 22698 | D:14     | 22698 ||| FLEEEEING.
 22699 | D:14     | 22699 ||| FLEEEEING.
 22700 | D:14     | 22700 ||| FLEEEEING.
 22701 | D:14     | 22701 ||| FLEEEEING.
 22702 | D:14     | 22702 ||| FLEEEEING.
 22780 | D:14     | 22780 ||| INVOKING Heroism.
 22794 | D:14     | HP: 17/96 [centaur warrior/arrow (15)]
 22795 | D:14     | 22795 ||| READING 2 scrolls of teleportation.
 22802 | D:14     | 22802 ||| READING scroll of teleportation.
 22804 | D:14     | HP: 17/96 [tengu conjurer/bolt of lightning (2)]
 23175 | D:14     | 23175 ||| Stepping ~*~*~tactically~*~*~ (stealth).
 23176 | D:14     | 23176 ||| Stepping ~*~*~tactically~*~*~ (stealth).
 23178 | D:14     | 23178 ||| Stepping ~*~*~tactically~*~*~ (stealth).
 23183 | D:14     | 23183 ||| INVOKING Heroism.
 23276 | D:14     | Noticed Snorg
 23277 | D:14     | 23277 ||| INVOKING Finesse.
 23289 | D:14     | Killed Snorg
 23289 | D:14     | Received a gift from Okawaru
 23290 | D:14     | Reached skill level 3 in Dodging
 23341 | D:14     | Found a broken altar of Ashenzari.
 23621 | D:14     | 23621 ||| INVOKING Heroism.
 23623 | D:14     | Received a gift from Okawaru
 23778 | D:15     | Entered Level 15 of the Dungeon
 23797 | D:15     | 23797 ||| INVOKING Heroism.
 24059 | D:15     | 24059 ||| INVOKING Heroism.
 24068 | D:15     | Received a gift from Okawaru
 24105 | D:15     | Paralysed by something for 4 turns
 24108 | D:15     | HP: 14/96 [something/bolt of magma (27)]
 24109 | D:15     | HP: 6/96 [something (8)]
 24115 | D:15     | 24115 ||| INVOKING Heroism.
 24115 | D:15     | HP: 2/96 [ogre mage/+0 halberd (3)]
 24557 | D:15     | Reached XP level 16. HP: 87/101 MP: 23/23
 24672 | D:15     | Reached skill level 6 in Throwing
 24747 | D:15     | 24747 ||| INVOKING Heroism.
 24808 | Abyss:2  | Cast into level 2 of the Abyss (a wizard)
 24838 | Abyss:2  | 24838 ||| Stepping ~*~*~tactically~*~*~ (stealth).
 24843 | Abyss:2  | 24843 ||| Stepping ~*~*~tactically~*~*~ (stealth).
 24883 | Abyss:2  | Found a corrupted altar of Lugonu.
 24894 | Abyss:2  | 24894 ||| Stepping ~*~*~tactically~*~*~ (hiding).
 24895 | Abyss:2  | 24895 ||| Stepping ~*~*~tactically~*~*~ (hiding).
 24896 | Abyss:2  | Found a corrupted altar of Lugonu.
 24898 | Abyss:2  | 24898 ||| Stepping ~*~*~tactically~*~*~ (hiding).
 24901 | Abyss:2  | 24901 ||| Stepping ~*~*~tactically~*~*~ (hiding).
 24959 | Abyss:2  | 24959 ||| Stepping ~*~*~tactically~*~*~ (stealth).
 24960 | Abyss:2  | 24960 ||| Stepping ~*~*~tactically~*~*~ (stealth).
 24974 | D:15     | Escaped the Abyss
 25003 | D:15     | 25003 ||| Stepping ~*~*~tactically~*~*~ (stealth).
 25005 | D:15     | 25005 ||| Stepping ~*~*~tactically~*~*~ (stealth).
 25010 | D:15     | 25010 ||| INVOKING Heroism.
 25020 | D:15     | Received a gift from Okawaru
 25050 | D:15     | Noticed Nessos
 25051 | D:15     | 25051 ||| Stepping ~*~*~tactically~*~*~ (hiding).
 25052 | D:15     | 25052 ||| INVOKING Finesse.
 25069 | D:15     | 25069 ||| INVOKING Heroism.
 25070 | D:15     | 25070 ||| INVOKING Finesse.
 25080 | D:15     | Killed Nessos
 25294 | D:15     | 25294 ||| INVOKING Heroism.
 25561 | D:15     | 25561 ||| Stepping ~*~*~tactically~*~*~ (hiding).
 25567 | D:15     | 25567 ||| INVOKING Heroism.
 25698 | D:15     | 25698 ||| Stepping ~*~*~tactically~*~*~ (stealth).
 25712 | D:15     | 25712 ||| Stepping ~*~*~tactically~*~*~ (hiding).
 25714 | D:15     | 25714 ||| INVOKING Heroism.
 25727 | D:15     | Received a gift from Okawaru
 25740 | D:15     | Reached skill level 17 in Axes
 25968 | D:15     | Found a staircase to the Depths.
 26048 | D:15     | 26048 ||| PLANNING ORC
 26141 | Orc:1    | Entered Level 1 of the Orcish Mines
 26142 | Orc:1    | 26142 ||| INVOKING Heroism.
 26318 | Orc:1    | 26318 ||| DROPPING +2 scale mail of cold resistance.
 26340 | Orc:2    | Entered Level 2 of the Orcish Mines
 26343 | Orc:2    | 26343 ||| STAIRDANCE
 26349 | Orc:2    | 26349 ||| STAIRDANCE
 26414 | Orc:2    | 26414 ||| INVOKING Heroism.
 26427 | Orc:2    | 26427 ||| INVOKING Finesse.
 26443 | Orc:2    | 26443 ||| Stepping ~*~*~tactically~*~*~ (stealth).
 26446 | Orc:2    | 26446 ||| Stepping ~*~*~tactically~*~*~ (hiding).
 26458 | Orc:2    | 26458 ||| INVOKING Finesse.
 26463 | Orc:2    | 26463 ||| DRINKING 11 potions of curing.
 26463 | Orc:2    | 26463 ||| (to cure confusion)
 26491 | Orc:2    | 26491 ||| INVOKING Heroism.
 26512 | Orc:2    | HP: 18/104 [red devil/+0 trident[an orc high priest] (11)]
 26513 | Orc:2    | 26513 ||| READING scroll of teleportation.
 26515 | Orc:2    | HP: 5/104 [orc priest/divine providence (14)]
 26518 | Orc:2    | HP: 1/104 [barbs]
 26519 | Orc:2    | Succumbed to barbed spike wounds

Levels and vault maps discovered:
D:1:      shiori_arrival_oz, layout_basic, serial_shops,
          nicolae_shop_behind_doors, shop, shop_statue,
          nicolae_shop_temple_entry_statues_fountains,
          nicolae_figureground_sparkle
D:2:      layout_basic, minmay_pentomino_s2, uniq_robin, uniq_sigmund
D:3:      layout_loops_ring, zin_purify, basic_ecumenical_altar, feat_on_display
D:4:      layout_cave_pods, mainiacjoe_overflow_brackets, lemuel_round_altar,
          uniq_eustachio, uniq_grinder, uniq_edmund, uniq_duvessa,
          uniq_blork_the_orc
D:5:      layout_basic, uniq_prince_ribbit1, uniq_pikel
D:6:      minmay_razor_zed, layout_basic, mainiacjoe_overflow_catwalk,
          minmay_temple_entry_arrows
D:7:      layout_loops_corners, nzn_wu_jian_council_hall, xom_redecorated,
          mainiacjoe_overflow_paths
D:8:      layout_basic, bloody_trog, lemuel_zombie_altar_kikubaaqudgha,
          mainiacjoe_overflow_small_starburst, lightli_bailey_entry_fortress,
          minmay_joined_circles
D:9:      layout_roguey, serial_ice, serial_ice_l, serial_ice_f, serial_ice_h,
          serial_ice_g, serial_ice_n, serial_ice_m, bh_walls_and_bars
D:10:     layout_basic, mainiacjoe_overflow_chevrons, dpeg_lair_monsters,
          serial_aquarium, aquarium_bridge_straight [aquarium_subvault_bridge,
          aquarium_subvault_window, aquarium_subvault_bridge,
          aquarium_subvault_window], aquarium_window_fake, aquarium_window_2,
          aquarium_window_corner, aquarium_window_2, aquarium_view_2c,
          aquarium_balcony_3a, serial_shops, shop
D:11:     cheibrodos_helix_gallery, layout_loops_ring, nicolae_wooded_promenade
D:12:     layout_basic, minmay_orc_entry_temple_large
D:13:     layout_loops_ring, serial_shops, nicolae_shop_stone,
          chequers_serial_rivers_small_a
D:14:     layout_small_grid, david_vaults_3, special_room [special_room_orc],
          basic_altar, kb_tengu_band, uniq_snorg
D:15:     gammafunk_enter_depths_forms, layout_irregular_city,
          corexii_corridor_pit, uniq_nessos
Temple:   grunt_temple_mini_profane
Lair:1:   layout_regular_city, serial_bayou_shore_a
Lair:2:   dpeg_oklob_shooting_range, layout_cave_pods,
          spider_nest_entry_web_field, grunt_megastairs_4, serial_bayou_shore_b,
          lemuel_fruit_tree, infiniplex_staircase_pool
Lair:3:   pond_and_an_island_with_a_cottage, layout_regular_city,
          minmay_shoals_entry_centaurs
Lair:4:   layout_loops_ring, slime_entry_2, uniq_sonja, uniq_urug
Lair:5:   evilmike_catoblepas_cave, layout_hall_layers, st_stairs_4,
          grunt_forest_stairs_basic
Orc:1:    layout_caves, basic_altar
Orc:2:    grunt_orc_cross, layout_diamond_mine, serial_shops, shop,
          nicolae_shop_overcharged_wands, uniq_erolcha

Skill      XL: |  1  2  3  4  5  6  7  8  9 10 11 12 13 14 15 16 |
---------------+-------------------------------------------------+-----
Axes           | 2 3 5 6 7 9 10 11 12 14 15 16 17 | 17.0
Fighting       | 4 5 6 7 9 10 11 12 13 | 13.0
Dodging        | 1 2 3 |  3.2
Armour         | 4 5 6 10 11 12 | 12.2
Shields        | 4 5 10 11 12 13 | 13.0
Throwing       | 2 3 5 7 |  7.0
Invocations    | 4 8 10 | 10.0

Action                   |  1- 3 |  4- 6 |  7- 9 | 10-12 | 13-15 | 16-18 || total
-------------------------+-------+-------+-------+-------+-------+-------++-------
Melee: War axe           |    59 |    91 |   263 |    88 |       |       ||   501
       Broad axe         |       |       |       |   408 |   849 |   219 ||  1476
       Flail             |       |       |       |       |    21 |       ||    21
Throw: Boomerang         |       |       |     3 |    94 |   102 |       ||   199
       Javelin           |       |       |    30 |    72 |    45 |    16 ||   163
Invok: Heroism           |       |       |       |     8 |    44 |     9 ||    61
       Finesse           |       |       |       |       |    11 |     4 ||    15
  Use: Scroll            |     2 |     7 |     7 |    11 |    10 |     1 ||    38
       Potion            |     1 |     3 |     3 |       |     3 |     1 ||    11
Armor: Scale mail        |    27 |    18 |    62 |   141 |       |       ||   248
       Chain mail        |       |    16 |    44 |       |       |       ||    60
       Plate armour      |       |       |       |    65 |   329 |    74 ||   468
Dodge: Dodged            |    21 |    46 |   131 |   303 |   280 |    73 ||   854
Block: Buckler           |     6 |     9 |    29 |    63 |       |       ||   107
       Kite shield       |       |       |       |   180 |   457 |   134 ||   771

Table legend:
 A = Non-vault XP
 B = Vault XP
 C = Vault XP percentage of total XP
 D = Non-vault monster count
 E = Vault monster count
 F = Vault count percentage of total count
                 A         B        C        D         E       F
            +---------+---------+-------+---------+---------+-------
      Total |  103962 |   51060 |  32.9 |     493 |     219 |  30.8
            +---------+---------+-------+---------+---------+-------
        D:1 |      15 |       4 |  21.1 |      10 |       2 |  16.7
        D:2 |      45 |     271 |  85.8 |      11 |      15 |  57.7
        D:3 |      57 |       0 |   0.0 |      13 |       0 |   0.0
        D:4 |     254 |     983 |  79.5 |      25 |       6 |  19.4
        D:5 |    1065 |     905 |  45.9 |      34 |       2 |   5.6
        D:6 |    1512 |     708 |  31.9 |      26 |      11 |  29.7
        D:7 |     879 |       0 |   0.0 |      12 |       0 |   0.0
        D:8 |    1828 |    1882 |  50.7 |      41 |      28 |  40.6
        D:9 |    1558 |    3026 |  66.0 |       7 |      15 |  68.2
       D:10 |    3358 |    1826 |  35.2 |      15 |       3 |  16.7
       D:11 |    3104 |    1634 |  34.5 |      11 |       2 |  15.4
       D:12 |    6671 |     673 |   9.2 |      39 |      23 |  37.1
       D:13 |   11998 |    4730 |  28.3 |      21 |      18 |  46.2
       D:14 |   15367 |    5192 |  25.3 |      30 |      21 |  41.2
       D:15 |   15993 |    5887 |  26.9 |      35 |      10 |  22.2
     Lair:1 |    4961 |       0 |   0.0 |      21 |       0 |   0.0
     Lair:2 |    3796 |     476 |  11.1 |      11 |       1 |   8.3
     Lair:3 |    4756 |    1338 |  22.0 |      28 |       8 |  22.2
     Lair:4 |    8692 |     782 |   8.3 |      37 |       1 |   2.6
     Lair:5 |   14103 |   13642 |  49.2 |      33 |      26 |  44.1
      Orc:1 |     608 |       0 |   0.0 |      20 |       0 |   0.0
      Orc:2 |     526 |    7101 |  93.1 |       7 |      27 |  79.4
    Abyss:2 |    2816 |       0 |   0.0 |       6 |       0 |   0.0
            +---------+---------+-------+---------+---------+-------
